 Dungeon Crawl Stone Soup version 0.31-a0-1370-gf52a5a9ab3 (webtiles) character file.

Game seed: 17233590983169670999

1864983 Zonian the Stormcaller (level 27, 236/236 HPs)
             Began as a Demigod Hunter on Dec 19, 2023.
             Escaped with the Orb
             ... and 4 runes on Dec 23, 2023!
             The game lasted 07:08:03 (115516 turns).

Zonian the Stormcaller (Demigod Hunter)           Turns: 115516, Time: 07:08:04

Health: 236/236    AC: 19    Str:  8    XL:     27
Magic:  54/54      EV: 34    Int: 31    God:
Gold:   4095       SH:  5    Dex: 39    Spells: 2/58 levels left

rFire   . . .        C - +8 longbow "Zephyr" {speed, Dex+3 SInv, bow}
rCold   . . .        (shield currently unavailable)
rNeg    + + .        u - +5 moon troll leather armour {Spirit, Regen++ MP+5}
rPois   +            l - +0 mask of the Dragon {Will+ Slay+3 SInv}
rElec   .            x - +4 dragonskin cloak
rCorr   +            Z - +2 pair of gloves {Stlth+}
SInv    +            K - +2 pair of boots
Will    +++..        I - amulet of Othablinoa {Reflect rCorr Int+2 SH+5 SInv}
Stlth   +++          o - ring "Qacosir" {Fire rPois rN+ Str-2 Dex+3}
HPRegen 2.19/turn    D - ring of Otuosuz {rPois rC+ rN+ Slay+2}
MPRegen 0.34/turn

%: reflection, guardian spirit
@: studying Ranged Weapons
A: high MP 1, forlorn, divine attributes, deformed body, dopey 1, screaming 1,
weak 1, heat vulnerability 1, sturdy frame 1, persistent drain
0: Orb of Zot
}: 4/15 runes: barnacled, slimy, silver, gossamer
a: no special abilities


You escaped.
You visited 12 branches of the dungeon, and saw 56 of its levels.
You visited 1 ziggurat, and saw 7 of its levels.
You also visited: Trove and Bailey.

You collected 8654 gold pieces.
You spent 4559 gold pieces at shops.


Innate Abilities, Weirdness & Mutations

You have an increased reservoir of magic. (+10% MP)
You shall have no god before yourself.
Your divine heritage dramatically boosts your attributes as you level up.
Armour fits poorly on your strangely shaped body.
You are dopey. (Int -2)
You occasionally shout uncontrollably at your foes.
You are weak. (Str -2)
You are vulnerable to heat. (rF-)
Your movements are slightly less encumbered by armour. (ER -2)
Your health recovers twice as slowly from being drained.


   Skills:
 - Level 17.2 Fighting
 - Level 20.1 Ranged Weapons
 - Level 7.0 Armour
 - Level 15.1 Dodging
 - Level 13.1 Stealth
 - Level 16.3 Spellcasting
 - Level 10.9 Conjurations
 - Level 8.4 Necromancy
 - Level 10.9 Translocations
 - Level 18.6 Fire Magic
 + Level 20.5 Air Magic
 - Level 13.4 Alchemy
 - Level 10.3 Evocations


You had 2 spell levels left.
You knew the following spells:

 Your Spells              Type           Power      Damage    Failure   Level
a - Blink                 Tloc           100%       N/A       1%          2
b - Airstrike             Air            50%        2d(8-24)  0%          4
c - Flame Wave            Conj/Fire      100%       2d21      1%          4
d - Inner Flame           Hex/Fire       90%        N/A       1%          3
e - Swiftness             Air            100%       N/A       0%          3
f - Fireball              Conj/Fire      54%        3d21      1%          5
g - Iskenderun's Mystic   Conj/Tloc      75%        2d15      1%          4
h - Passage of Golubria   Tloc           75%        N/A       1%          4
i - Dispel Undead         Necr           67%        3d23      1%          4
j - Fugue of the Fallen   Necr           67%        N/A       1%          3
k - Irradiate             Conj/Alch      39%        3d24      1%          5
l - Olgreb's Toxic Radia  Alch           83%        N/A       1%          4
m - Arcjolt               Conj/Air       44%        1d54      1%          5
n - Plasma Beam           Fire/Air       60%        2x1d76    1%          6

Your spell library contained the following spells:

 Spells                   Type           Power      Damage    Failure   Level
 Shock                    Conj/Air       100%       1d9       0%          1
 Sting                    Conj/Alch      100%       1d9       0%          1
 Cigotuvi's Dreadful Rot  Necr/Alch/Air  100%       N/A       0%          2
 Mercury Vapours          Alch/Air       100%       N/A       0%          2
 Apportation              Tloc           100%       N/A       1%          1
 Freeze                   Ice            100%       1d10      1%          1
 Kiss of Death            Conj/Necr      100%       2d13      1%          1
 Magic Dart               Conj           100%       1d8       1%          1
 Necrotise                Necr           100%       1d9       1%          1
 Sandblast                Erth           50%        2d12      1%          1
 Slow                     Hex            100%       N/A       1%          1
 Summon Small Mammal      Summ           100%       N/A       1%          1
 Lesser Beckoning         Tloc           100%       N/A       1%          2
 Momentum Strike          Conj/Tloc      100%       3d10      1%          2
 Passwall                 Alch/Erth      50%        N/A       1%          2
 Searing Ray              Conj           100%       2d8       1%          2
 Sublimation of Blood     Necr           67%        N/A       1%          2
 Ensorcelled Hibernation  Hex/Ice        50%        N/A       2%          2
 Jinxbite                 Hex            50%        N/A       2%          2
 Mephitic Cloud           Conj/Alch/Air  87%        N/A       0%          3
 Volatile Blastmotes      Fire/Tloc      100%       2d18      0%          3
 Gell's Gravitas          Tloc           75%        N/A       1%          3
 Hailstorm                Conj/Ice       56%        3d11      1%          3
 Stone Arrow              Conj/Erth      100%       3d13      1%          3
 Vampiric Draining        Necr           67%        2d10      1%          3
 Animate Dead             Necr           67%        N/A       1%          4
 Brom's Barrelling Bould  Conj/Erth      56%        2d7       1%          4
 Fulminant Prism          Conj/Alch      39%        3d17      1%          4
 Ignite Poison            Fire/Alch      100%       N/A       1%          4
 Leda's Liquefaction      Alch/Erth      30%        N/A       1%          4
 Sticky Flame             Fire/Alch      100%       2d15      1%          4
 Summon Lightning Spire   Summ/Air       73%        N/A       1%          4
 Vhi's Electric Charge    Tloc/Air       100%       N/A       1%          4
 Freezing Cloud           Conj/Ice/Air   37%        6-21      1%          5
 Iskenderun's Battlesphe  Conj           75%        2d12      1%          5
 Silence                  Hex/Air        36%        N/A       1%          5
 Conjure Ball Lightning   Conj/Air       44%        3x3d15    1%          6
 Anguish                  Hex/Necr       25%        N/A       3%          4
 Yara's Violent Unravell  Hex/Alch       30%        3d13      3%          5
 Call Canine Familiar     Summ           25%        N/A       5%          3
 Confusing Touch          Hex            25%        N/A       5%          3
 Frozen Ramparts          Ice            50%        1d8       5%          3
 Ozocubu's Armour         Ice            25%        N/A       5%          3
 Sigil of Binding         Hex            25%        N/A       5%          3
 Summon Guardian Golem    Hex/Summ       25%        N/A       5%          3
 Tukima's Dance           Hex            25%        N/A       5%          3
 Summon Forest            Summ/Tloc      28%        N/A       5%          5
 Ignition                 Fire           59%        3d16      6%          8
 Borgnjor's Vile Clutch   Necr/Erth      25%        N/A       9%          5
 Death Channel            Necr           33%        N/A       9%          6
 Orb of Destruction       Conj           37%        9d11      17%         7
 Animate Armour           Summ/Erth      50%        N/A       19%         4
 Cause Fear               Hex            12%        N/A       19%         4
 Summon Ice Beast         Ice/Summ       25%        N/A       19%         4
 Bombard                  Conj/Erth      28%        9d5       30%         6
 Simulacrum               Ice/Necr       25%        N/A       43%         6
 Lee's Rapid Deconstruct  Erth           12%        3d9*      45%         5
 Metabolic Englaciation   Hex/Ice        12%        N/A       45%         5
 Summon Mana Viper        Hex/Summ       25%        N/A       45%         5
 Disjunction              Tloc           37%        N/A       80%         8
 Malign Gateway           Summ/Tloc      28%        N/A       86%         7
 Spellforged Servitor     Conj/Summ      28%        N/A       86%         7
 Summon Cactus Giant      Summ           12%        N/A       95%         6
 Haunt                    Necr/Summ      25%        N/A       95%         7
 Infestation              Necr           33%        N/A       98%         8
 Enfeeble                 Hex            12%        N/A       100%        7
 Ozocubu's Refrigeration  Ice            12%        4d10      100%        7
 Summon Hydra             Summ           12%        N/A       100%        7
 Discord                  Hex            12%        N/A       100%        8
 Lehudib's Crystal Spear  Conj/Erth      28%        10d7      100%        8
 Summon Horrible Things   Summ           12%        N/A       100%        8
 Dragon's Call            Summ           12%        N/A       100%        9

Inventory:

Hand Weapons
 i - a +9 longbow of flaming {bow}
   (You took it off Nessos on level 15 of the Dungeon)
 n - the +5 falchion of Zoocil {heavy, rElec SInv Stlth+, long}
   (You found it on level 7 of a ziggurat)

   rElec:     It insulates you from electricity.
   SInv:      It lets you see invisible.
   Stlth+:    It makes you more stealthy.
 C - the +8 longbow "Zephyr" (weapon) {speed, Dex+3 SInv, bow}
   (You took it off a vault guard on level 5 of the Vaults)

   Dex+3:     It affects your dexterity (+3).
   SInv:      It lets you see invisible.
Missiles
 b - 5 silver javelins {throwing}
 y - 5 throwing nets {=f!fthrowing}
Armour
 j - the +1 robe of Inference {+Blink rElec rPois Str-3}
   (You found it on level 3 of a ziggurat)

   Str-3:     It affects your strength (-3).
   rElec:     It insulates you from electricity.
   rPois:     It protects you from poison +Blink: It lets you blink.
 l - the +0 mask of the Dragon (worn) {Will+ Slay+3 SInv}
   (You found it in a treasure trove)

   Slay+3:    It affects your accuracy & damage with ranged weapons and melee
   (+3).
   Will+:     It increases your willpower.
   SInv:      It lets you see invisible.
 u - the +5 moon troll leather armour (worn) {Spirit, Regen++ MP+5}
   (You found it on level 5 of the Pits of Slime)

   MP+5:      It affects your magic capacity (+5).
   Regen++:   It increases your rate of health regeneration.
 x - the +4 dragonskin cloak (worn)
   (You took it off Tiamat on level 1 of the Realm of Zot)

   Avatar's Aegis: It grants the wearer a chance to resist fire, cold, poison,
   electricity, acid, and negative energy.
 K - a +2 pair of boots (worn)
   (You found it on level 9 of the Dungeon)
 Z - a +2 pair of gloves of stealth (worn)
   (You found it on level 12 of the Dungeon)
Jewellery
 a - the ring "Uciumo Uliho" {rC+ rN+ Dex+4}
   (You found it on level 2 of the Elven Halls)

   [ring of protection from cold]

   Dex+4:     It affects your dexterity (+4).
   rC+:       It protects you from cold.
   rN+:       It protects you from negative energy.
 o - the ring "Qacosir" (left hand) {Fire rPois rN+ Str-2 Dex+3}
   (You found it on level 3 of the Depths)

   [ring of fire]

   Fire:      It enhances your fire magic.
   Str-2:     It affects your strength (-2).
   Dex+3:     It affects your dexterity (+3).
   rF+:       It protects you from fire.
   rC-:       It makes you vulnerable to cold.
   rPois:     It protects you from poison rN+: It protects you from negative
   energy.
 D - the ring of Otuosuz (right hand) {rPois rC+ rN+ Slay+2}
   (You found it on level 3 of the Crypt)

   [ring of positive energy]

   Slay+2:    It affects your accuracy & damage with ranged weapons and melee
   (+2).
   rC+:       It protects you from cold.
   rPois:     It protects you from poison rN+: It protects you from negative
   energy.
 I - the amulet of Othablinoa (around neck) {Reflect rCorr Int+2 SH+5 SInv}
   (You acquired it on level 4 of the Spider Nest)

   [amulet of reflection]

   Reflect:   It reflects blocked missile attacks.
   Int+2:     It affects your intelligence (+2).
   SInv:      It lets you see invisible.
   rCorr:     It protects you from acid and corrosion.
   SH+5:      It affects your SH (+5).
Wands
 e - a wand of flame (24)
   (You found it on level 3 of a ziggurat)
 A - a wand of iceblast (28)
   (You took it off a deep elf pyromancer on level 3 of the Elven Halls)
 S - a wand of mindburst (29)
   (You found it on level 1 of the Lair of Beasts)
 T - a wand of digging (22)
   (You found it on level 5 of the Lair of Beasts)
 W - a wand of light (23)
   (You found it on level 4 of the Lair of Beasts)
Scrolls
 c - a scroll of enchant weapon
 k - 15 scrolls of teleportation {@r4}
 r - 3 scrolls of silence {!r}
 B - 4 scrolls of blinking {!r}
 F - a scroll of butterflies
 G - 4 scrolls of fear
 M - 9 scrolls of fog
 P - 9 scrolls of poison {!r}
 Y - 4 scrolls of revelation
Potions
 f - 7 potions of brilliance
 g - a potion of berserk rage {!q}
 h - 18 potions of curing {@q1}
 m - 4 potions of heal wounds {@q2}
 p - 11 potions of enlightenment
 v - 5 potions of invisibility
 w - 9 potions of might
 J - 7 potions of magic
 L - 7 potions of ambrosia
 N - 3 potions of haste {@q3}
 U - 7 potions of lignification {!q}
 V - 3 potions of resistance
Miscellaneous
 E - a phantom mirror
   (You found it on level 5 of the Vaults)
 H - a box of beasts
   (You found it on level 5 of the Vaults)
 O - a condenser vane (inert)
   (You found it on level 10 of the Dungeon)
 Q - a lightning rod (4/4)
   (You found it on level 2 of the Vaults)

Dungeon Overview and Level Annotations

Branches:
Dungeon (15/15)            Temple (0/1) D:4            Lair (5/5) D:10
 Shoals (4/4) Lair:3       Spider (4/4) Lair:3        Slime (5/5) Lair:4
    Orc (2/2) D:9             Elf (3/3) Orc:2        Vaults (5/5) D:13
  Crypt (3/3) Vaults:2       Tomb (0/3) Crypt:3      Depths (4/4) D:15
   Hell (visited)             Dis (0/7) Hell            Geh (0/7) Hell
    Coc (0/7) Hell            Tar (0/7) Hell            Zot (5/5) Depths:4
 Bailey (visited)

Shops:
D:1 ??(!   D:8 *   D:13 *   D:14 (   Orc:2 ![=:*   Elf:2 :   Elf:3 !
Vaults:2 *   Vaults:3 [   Vaults:5 ??   Depths:1 *[??

Portals:
Hell: Depths:1 Depths:2 Depths:3 Depths:4
Abyss: Depths:3
Pandemonium: Depths:2

Annotations:
Depths:2 2 transporters
Zot:1 3 runed translucent doors, Vyqe's ghost, master MfIE
Zot:4 1 runed translucent door, Siopp's ghost, legendary DsFi

###...........)........).###
##...##.####.####.####.##...##
#..###...##...##...##...###..#
#.## #.⌠.##.⌠.##.⌠.##.⌠.# ##.#
#.####...##...##...##...####.#
#...###.####.####.####.###...#
#.⌠.###.####.####.####.###.⌠.#
#............................#
##.##.........@..........##.##
#............................#
#.⌠.###.####.####.####.###.⌠.#
#...###.####.####.####.###...#
#.####...##...##...##...####.#
#.## #.⌠.##.⌠.##.⌠.##.⌠.# ##.#
#.†###...##...##...##...###..#
##....#.####.####.####.##...##
###......................###


There were no monsters in sight!


Message History

You shoot an arrow. The arrow hits the great orb of eyes.
No target in view!
No target in view!
Unknown command.
You start resting.
A great orb of eyes is nearby!
A great orb of eyes is nearby! 😎 MP[+1] Unknown command.
You shoot an arrow. The arrow hits the great orb of eyes!!
You shoot an arrow. The arrow hits the great orb of eyes!!!
You kill the great orb of eyes!
No target in view!
No target in view!
You start resting.
An orange demon comes into view. 😎 MP[+4]
You regained 4 mp, and now have 35/54 mp.
An orange demon is nearby!
Unknown command.
You shoot an arrow. The arrow hits the orange demon!!!
You shoot an arrow. The arrow hits the orange demon!!!
You kill the orange demon!
No target in view!
No target in view!
Unknown command.
You start resting.
A cacodemon comes into view.
An orange demon comes into view. 😎 MP[+1]
You shoot an arrow. The arrow hits the cacodemon!!
An orange demon comes into view.
You shoot an arrow. The arrow hits the cacodemon!!
You shoot an arrow. The arrow closely misses the cacodemon.
You shoot an arrow. The arrow hits the cacodemon!
You shoot an arrow. The arrow hits the cacodemon!!!
You kill the cacodemon!
You shoot an arrow.
The arrow barely misses the orange demon. 😎 MP[+1]
You shoot an arrow. The arrow hits the orange demon.
You shoot an arrow. The arrow hits the orange demon!
An angel comes into view. It is wielding a +1 whip of holy wrath.
You yell at the angel!
You shoot an arrow. The arrow hits the orange demon!!
You shoot an arrow. The arrow hits the orange demon!!
You kill the orange demon!
You shoot an arrow. The arrow hits the orange demon!
You shoot an arrow. The arrow hits the orange demon!!
You shoot an arrow. The arrow hits the angel!!! 😎 MP[+1]
You shoot an arrow. The arrow misses the angel.
You shoot an arrow. The arrow hits the orange demon!!!
You kill the orange demon!
Unknown command.
You shoot an arrow. The arrow hits the angel!!
You shoot an arrow. The arrow hits the angel!!
You shoot an arrow. The arrow hits the angel.
The angel closely misses you. You block the angel's attack.
You shoot an arrow. The arrow hits the angel.
The angel gestures.
The angel is healed somewhat. 😎 MP[+1]
You shoot an arrow. The arrow completely misses the angel.
You shoot an arrow. The arrow hits the angel!!
You kill the angel!
Unknown command.
A sixfirhy comes into view. 😎 MP[+1] Unknown command.
You shoot an arrow. The arrow misses the sixfirhy.
You shoot an arrow. The arrow closely misses the sixfirhy.
You shoot an arrow.
The arrow completely misses the sixfirhy.
You shoot an arrow. The arrow misses the sixfirhy. 😎 MP[+1]
You shoot an arrow. The arrow closely misses the sixfirhy.
You shoot an arrow. The arrow hits the sixfirhy!!!
The sixfirhy closely misses you.
You shoot an arrow. The arrow hits the sixfirhy!!
You kill the sixfirhy!
No target in view!
Unknown command.
You see here a +0 dagger {short}.
A tormentor comes into view. 😎 MP[+4]
You regained 4 mp, and now have 45/54 mp.
You shoot an arrow. The arrow hits the tormentor!! 😎 MP[+1]
You shoot an arrow. The arrow hits the tormentor!!
You kill the tormentor!
No target in view!
No target in view!
Unknown command.
There is a dry fountain here.
There is a staircase leading out of the dungeon here. 😎 MP[+8]
Your mp is fully restored (54).
Unknown command.
You have escaped!

Skill      XL: |  1  2  3  4  5  6  7  8  9 10 11 12 13 14 15 16 17 18 19 20 21 22 23 24 25 26 27 |
---------------+----------------------------------------------------------------------------------+-----
Stealth        | 1 2 4 6 8 10 11 12 13 | 13.1
Fighting       | 2 3 4 6 7 9 10 12 13 14 15 16 17 | 17.2
Dodging        | 2 3 4 6 7 9 10 11 12 13 14 15 | 15.1
Ranged Weapons | 4 5 6 8 11 12 13 14 15 16 17 18 19 20 | 20.1
Evocations     | 5 6 7 8 9 10 | 10.3
Fire Magic     | 1 5 8 11 12 14 15 17 18 | 18.6
Armour         | 1 4 5 7 |  7.0
Spellcasting   | 3 5 7 8 9 11 13 15 16 | 16.3
Translocations | 4 5 6 9 10 | 10.9
Conjurations   | 3 6 9 10 | 10.9
Necromancy     | 5 8 |  8.4
Alchemy        | 9 12 13 | 13.4
Air Magic      | 14 20 | 20.5

Action                     |  1- 3 |  4- 6 |  7- 9 | 10-12 | 13-15 | 16-18 | 19-21 | 22-24 | 25-27 || total
---------------------------+-------+-------+-------+-------+-------+-------+-------+-------+-------++-------
  Melee: Rapier            |       |       |       |       |       |       |     4 |       |       ||     4
   Fire: Shortbow          |   111 |   156 |   279 |       |       |       |       |       |       ||   546
         Orcbow            |       |       |   121 |   730 |  1784 |   543 |       |       |       ||  3178
         Longbow           |       |       |       |       |       |  1197 |  2145 |  2088 |  1728 ||  7158
  Throw: Dart              |       |       |       |       |     1 |       |       |       |       ||     1
   Cast: Blink             |       |       |       |       |       |     7 |    13 |    15 |    13 ||    48
         Iskenderun's Myst |       |       |       |       |       |       |    19 |    22 |    39 ||    80
         Inner Flame       |       |       |       |       |       |       |    11 |     6 |       ||    17
         Fireball          |       |       |       |       |       |       |     2 |     9 |    19 ||    30
         Volatile Blastmot |       |       |       |       |       |       |     2 |       |     1 ||     3
         Dispel Undead     |       |       |       |       |       |       |       |     5 |    11 ||    16
         Fugue of the Fall |       |       |       |       |       |       |       |     3 |       ||     3
         Irradiate         |       |       |       |       |       |       |       |     5 |     2 ||     7
         Olgreb's Toxic Ra |       |       |       |       |       |       |       |     4 |     4 ||     8
         Flame Wave        |       |       |       |       |       |       |       |     2 |       ||     2
         Arcjolt           |       |       |       |       |       |       |       |       |    16 ||    16
         Plasma Beam       |       |       |       |       |       |       |       |       |    18 ||    18
Ability: Evoke Blink       |       |       |       |       |       |       |     1 |       |       ||     1
  Evoke: Wand              |       |       |       |     5 |     9 |    11 |    15 |     8 |     5 ||    53
         Condenser vane    |       |       |       |     1 |     4 |     3 |     2 |     2 |     1 ||    13
         Phial of floods   |       |       |       |       |       |     1 |       |       |       ||     1
         Lightning rod     |       |       |       |       |       |       |    16 |     4 |       ||    20
         Phantom mirror    |       |       |       |       |       |       |     1 |     1 |     1 ||     3
         Box of beasts     |       |       |       |       |       |       |       |     1 |     1 ||     2
    Use: Scroll            |     4 |     7 |     7 |     9 |    15 |    22 |    26 |     5 |     6 ||   101
         Potion            |     1 |     1 |     2 |     2 |     2 |    13 |    25 |    13 |    15 ||    74
 Armour: Leather armour    |    31 |    42 |    43 |       |       |       |       |       |       ||   116
         Ring mail         |       |       |    56 |       |       |       |       |       |       ||    56
         Steam dragon scal |       |       |    24 |   182 |   217 |       |       |       |       ||   423
         Skin              |       |       |       |    55 |       |       |       |       |       ||    55
         Robe              |       |       |       |       |    59 |   353 |   254 |       |       ||   666
         Troll leather arm |       |       |       |       |       |       |    21 |   332 |   260 ||   613
  Dodge: Dodged            |    37 |    36 |   136 |   338 |   886 |   791 |   495 |   620 |   558 ||  3897
  Block: Other             |       |       |       |       |       |    87 |    80 |    95 |    78 ||   340
         Reflection        |       |       |       |       |       |    27 |    20 |     2 |     3 ||    52

Levels and vault maps discovered:
D:1:      dpeg_arrival_chambers_temple_mockup, layout_basic, serial_shops,
          shop_statue, nicolae_shop_rolled_up, nicolae_shop_statue_plus,
          nicolae_shop_crystal, minivault_26, grunt_decor_mini_mirrors
D:2:      layout_loops_corners, minmay_increasing_density
D:3:      layout_loops_ring, nicolae_ecumenical_oubliette
D:4:      layout_rooms, mainiacjoe_overflow_chevrons,
          minmay_temple_entry_butterflies, grunt_ministairs_1
D:5:      nicolae_cairo_tiling_very_big, layout_basic,
          mainiacjoe_overflow_paths, nicolae_vehumet_altar_sigil,
          serial_bayou_pond_d
D:6:      layout_basic, minmay_misc_feat_rows, minivault_26, st_stairs_1
D:7:      layout_basic, serial_demonic, serial_demonic_f, serial_demonic_g,
          serial_demonic_a, serial_demonic_a, patterned_corridor
D:8:      minmay_angry_zag, layout_loops_ring, serial_shops, shop,
          enter_bailey_4
D:9:      layout_loops_corners, orc_0_dummy
D:10:     layout_loops_ring, kiku_gazebo_garden_becter, hellmonk_lair_entry_icy,
          special_room [special_room_bee], minmay_puff
D:11:     layout_roguey, nicolae_trove_entry_path_of_doom,
          gammafunk_ghost_cemetery
D:12:     layout_layer_cave, nicolae_uskayaw_suspiria
D:13:     layout_basic, hellmonk_vaults_keyhole, serial_shops,
          nicolae_shop_window_shopping,
          hellmonk_okawaru_the_only_friend_you_need
D:14:     layout_rooms, serial_shops, shop, special_room
          [special_room_mythical_zoo], lightli_corner_chamber
D:15:     gammafunk_depths_entry_grave, layout_loops_ring, elyvilon_altar_5,
          uniq_nessos
Lair:1:   layout_hall_layers, special_room, guppyfry_lair_drakes,
          serial_bayou_shore_b
Lair:2:   layout_hall_layers
Lair:3:   layout_loops_ring, elwin_shoals_entry_rocks,
          nicolae_spider_entry_orb_guardian, ebering_ghost_disaster_area,
          nicolae_lair_lakeside_cave
Lair:4:   layout_regular_city, minmay_slime_entry_pillars,
          pdpol_lair_cavern_descent, grunt_megastairs_5
Lair:5:   due_jungle_book, layout_regular_city, enter_volcano_1,
          infiniplex_staircase_pool_2, serial_bayou_shore_a
Shoals:1: layout_shoals
Shoals:2: nicolae_shoals_aurelia_aurita, layout_shoals,
          ebering_ghost_reflecting_pool
Shoals:3: layout_shoals, nicolae_shoals_loop_pool
Shoals:4: shoals_end_hangedman, layout_shoals
Spider:1: layout_spider_delve
Spider:2: layout_spider_delve, hellmonk_narrow_tunnel
Spider:3: layout_spider_delve, spiders_nest_hornet_nest, uniq_azrael,
          uniq_arachne
Spider:4: grunt_spider_rune_circles, nicolae_spider_swamp_cousins, uniq_agnes
Slime:1:  layout_caves
Slime:2:  layout_caves
Slime:3:  layout_caves
Slime:4:  layout_caves
Slime:5:  slime_pit_nicolae_trefoil
Orc:1:    layout_caves
Orc:2:    st_orc_rangers, layout_diamond_mine, basic_altar, serial_shops, shop,
          nicolae_shop_behind_doors
Elf:1:    elf_arrival_001, layout_rooms, evilmike_minifort, uniq_norris
Elf:2:    elven_hall_of_blades_hangedman_original
          [nicolae_blade_entry_splitting_headache], layout_geoelf_grid,
          serial_shops, nicolae_shop_temple_entry_statues_fountains
Elf:3:    grunt_elf_hall_diamonds, layout_loops_corners, serial_shops, shop,
          portal_ice_cave_entry_pillars_four
Vaults:1: vaults_room_ringed_pool, nicolae_vaults_spaceships,
          nicolae_vaults_mini_display_case, nicolae_vaults_wine_cellar,
          hangedman_vaults_hat, v_misc_24, nicolae_vaults_network_quincunx
          [nicolae_vaults_network_quincunx_subvault,
          nicolae_vaults_network_quincunx_subvault,
          nicolae_vaults_network_quincunx_subvault,
          nicolae_vaults_network_quincunx_subvault,
          nicolae_vaults_network_quincunx_subvault],
          nicolae_vaults_trapezoid_lopsided_3, nicolae_vaults_shrinking_rooms_1,
          nicolae_vaults_variable_pillar_hall_cross, layout_vaults_omnibox,
          uniq_nikola
Vaults:2: vaults_standard_mumra_x, minmay_crypt_entry_necro_gods,
          nicolae_vaults_three_branches, st_hourglassy,
          nicolae_vaults_diagonal_hallway_7, nicolae_vaults_trapezoid_1,
          nicolae_vaults_closet_pinwheel_4, nicolae_vaults_oval_intersection,
          nicolae_vaults_back_hallway, hangedman_vaults_stretched_pinwheel,
          ontoclasm_vaults_spin, nicolae_vaults_weapon_check,
          nicolae_vaults_six-pack, serial_ice_b, layout_vaults_big_room,
          serial_shops, nicolae_shop_tiny_real_fake_doors, uniq_xtahua
Vaults:3: nicolae_vaults_little_squares_3, nicolae_vaults_closet_pinwheel_4,
          v_misc_29, hangedman_vaults_stream, nicolae_vaults_little_squares_4,
          nicolae_vaults_more_shelving_1, nicolae_vaults_closet_pinwheel_2,
          grunt_vaults_focal, v_pattern_4, nicolae_vaults_angled_halls,
          st_cross, vaults_room_hallway, ontoclasm_vaults_twist,
          vaults_room_hallway, layout_vaults_ring, serial_shops, shop
Vaults:4: v_misc_10, nicolae_vaults_diagonal_hallway_8, v_rooms_2, v_misc_12,
          v_misc_14, nicolae_vaults_tetromino_T_2, vaults_room_semicircle,
          nicolae_vaults_little_squares_4, nicolae_vaults_trapezoid_1,
          nicolae_vaults_surprise_closet, layout_vaults_quadrants
Vaults:5
Crypt:1:  layout_regular_city, grunt_crypt_arrival_split, grunt_megastairs_3,
          uniq_mennas, uniq_khufu, uniq_zenata
Crypt:2:  layout_basic, serial_library_regret_index_branch_corner,
          lemuel_upstairs_altar, uniq_donald, uniq_saint_roka, uniq_frederick
Crypt:3:  lightli_unholy_cathedral, layout_chaotic_city,
          nicolae_tomb_entry_unfolded_pyramid_orthogonal, lemuel_freeze_loot_1
Depths:1: layout_cave_pools, kennysheep_decorative_pillar, hell_entry,
          minmay_shop_grid_forest, nrook_uturn, nicolae_sif_muna_little_library,
          uniq_aizul
Depths:2: kennysheep_blocky_room, layout_long_grid, rand_demon_pan_entry_7,
          hell_entry, yredelemnul_altar_generic,
          nicolae_transporter_intersection, uniq_josephina, uniq_asterion
Depths:3: minmay_swirls_squares, layout_cave_pools, nzn_wu_jian_contemplation,
          abyss_entry_small_statue_room, grunt_mini_vestibule,
          kennysheep_crisscross, hangedman_abyss_or_decor_stagger
Depths:4: evilmike_zot_entry_gauntlet, layout_gridlike, enter_ziggurat_c,
          hell_entry
Hell
Zot:1:    layout_misc_corridors, gammafunk_ghost_necromancy, zot_minivault_6,
          uniq_tiamat
Zot:2:    lemuel_draconian_sentries, layout_gridlike,
          regret_index_zotdec_alabaster_prism, ebering_ghost_reflecting_pool,
          zot_minivault_5, uniq_grunn
Zot:3:    infiniplex_zot_generator, layout_twisted_circle,
          regret_index_zotdec_zees
Zot:4:    layout_gridlike, ebering_ghost_inner_flame, st_large_dragon_hoard_1,
          grunt_megastairs_1
Zot:5:    layout_basic

Notes
Turn   | Place    | Note
-------+----------+-------------------------------------------
     0 | D:1      | Zonian the Demigod Hunter began the quest for the Orb.
     0 | D:1      | Reached XP level 1. HP: 17/17 MP: 3/3
     0 | D:1      | magus.rc [v1.9.6]
   111 | D:1      | Reached skill level 1 in Stealth
   156 | D:1      | You pick up a book of Blasting and begin reading...
   156 | D:1      | You add the spells Volatile Blastmotes, Fulminant Prism and
                  | Iskenderun's Mystic Blast to your library.
   297 | D:1      | Found Ragogoas's Magic Scroll Boutique.
   331 | D:1      | Reached skill level 2 in Fighting
   334 | D:1      | Found Ditock's Magic Scroll Emporium.
   350 | D:1      | Reached skill level 2 in Dodging
   350 | D:1      | Reached XP level 2. HP: 24/24 MP: 4/4
   412 | D:1      | Found Rempeept's Distillery.
   414 | D:1      | Found Fyss's Antique Weapon Shoppe.
   854 | D:2      | Reached XP level 3. HP: 29/29 MP: 5/5
  1599 | D:2      | HP: 5/29 [orc priest/+0 club (4)]
  1603 | D:2      | Reached skill level 4 in Ranged Weapons
  1603 | D:2      | Reached skill level 2 in Stealth
  1607 | D:2      | Reached XP level 4. HP: 18/37 MP: 6/6
  2275 | D:3      | HP: 9/37 [orc/+0 club (4)]
  2289 | D:3      | HP: 9/37 [orc priest/nerve-wracking pain (8)]
  2626 | D:3      | Reached XP level 5. HP: 38/44 MP: 7/7
  3089 | D:4      | Reached skill level 3 in Fighting
  3089 | D:4      | Reached skill level 3 in Dodging
  3202 | D:4      | Found a staircase to the Ecumenical Temple.
  3271 | D:4      | You pick up a book of Blood and begin reading...
  3271 | D:4      | You add the spells Sublimation of Blood, Wereblood and
                  | Summon Hydra to your library.
  3335 | D:4      | Noticed a black bear
  3369 | D:4      | Reached skill level 5 in Ranged Weapons
  3532 | D:4      | Reached XP level 6. HP: 51/51 MP: 8/8
  3763 | D:4      | Reached skill level 6 in Ranged Weapons
  3879 | D:5      | Entered Level 5 of the Dungeon
  4000 | D:5      | Reached XP level 7. HP: 45/57 MP: 9/9
  4439 | D:5      | Reached skill level 7 in Ranged Weapons
  4929 | D:5      | Reached skill level 8 in Ranged Weapons
  5332 | D:1      | Bought a potion of heal wounds for 50 gold pieces
  5787 | D:6      | Reached XP level 8. HP: 57/63 MP: 10/10
  5873 | D:6      | Reached skill level 9 in Ranged Weapons
  6194 | D:6      | HP: 14/63 [gnoll sergeant/+2 spear of flaming (2)]
  6399 | D:6      | Reached skill level 10 in Ranged Weapons
  6760 | D:6      | Identified the +0 plate armour of Gallantry {Will+ Int+3}
  7891 | D:7      | Reached skill level 11 in Ranged Weapons
  7891 | D:7      | Reached XP level 9. HP: 69/69 MP: 11/11
  8672 | D:1      | Bought a club for 23 gold pieces
  8672 | D:1      | Bought a glowing orcbow for 149 gold pieces
  8854 | D:8      | Identified the +2 robe of Syndicalism {rPois rF++}
  8858 | D:8      | Identified the +6 chain mail "Qexzotau" {rF+ rC+++ MP-9
                  | Int+3}
  8863 | D:8      | Found Vannuni's Assorted Antiques.
  8873 | D:8      | Reached skill level 12 in Ranged Weapons
  8877 | D:8      | Bought a scroll labelled MAHUCU YZAPI for 29 gold pieces
  8905 | D:8      | Found a flagged portal.
  9055 | Bailey   | Entered a bailey
  9452 | Bailey   | Reached skill level 3 in Stealth
  9702 | Bailey   | Identified a +0 crystal plate armour
  9711 | Bailey   | C - a +0 crystal plate armour {rare=g}
  9774 | Bailey   | Identified the +2 robe "Woskest Nuav" {+Blink Regen+ Str-5
                  | Int+6}
  9801 | Bailey   | magus.rc [v1.9.6]
 10275 | D:8      | Reached skill level 4 in Dodging
 10295 | D:8      | Reached skill level 4 in Fighting
 10295 | D:8      | Reached skill level 4 in Stealth
 10297 | D:8      | Noticed a two-headed ogre
 10300 | D:8      | Killed a two-headed ogre
 10301 | D:8      | Reached XP level 10. HP: 79/80 MP: 13/13
 11152 | D:9      | You pick up a book of Power and begin reading...
 11152 | D:9      | You add the spells Iskenderun's Battlesphere, Bombard and
                  | Spellforged Servitor to your library.
 11414 | D:9      | Reached skill level 5 in Stealth
 11572 | D:9      | Reached skill level 5 in Dodging
 11748 | D:9      | Found a staircase to the Orcish Mines.
 11792 | D:9      | Reached skill level 5 in Fighting
 11898 | D:10     | Entered Level 10 of the Dungeon
 12221 | D:10     | Noticed a two-headed ogre
 12439 | D:10     | Found a staircase to the Lair.
 12528 | D:10     | Reached skill level 6 in Stealth
 12736 | D:10     | Reached skill level 13 in Ranged Weapons
 12748 | D:10     | Killed a two-headed ogre
 12749 | D:10     | Reached skill level 6 in Fighting
 12749 | D:10     | Reached skill level 6 in Dodging
 12749 | D:10     | Reached XP level 11. HP: 47/89 MP: 14/14
 13660 | Lair:1   | Entered Level 1 of the Lair of Beasts
 13695 | Lair:1   | You pick up a book of Touch and begin reading...
 13695 | Lair:1   | You add the spells Kiss of Death, Confusing Touch and
                  | Dispel Undead to your library.
 14118 | Lair:1   | Reached skill level 7 in Stealth
 14167 | Lair:1   | HP: 22/91 [elephant (3)]
 14537 | Lair:1   | Reached skill level 7 in Fighting
 14537 | Lair:1   | Reached skill level 7 in Dodging
 15450 | Lair:1   | Reached skill level 8 in Stealth
 15579 | Lair:2   | Noticed a four-headed hydra
 15587 | Lair:2   | Killed a four-headed hydra
 15642 | Lair:2   | You pick up a book of Armaments and begin reading...
 15642 | Lair:2   | You add the spells Stone Arrow, Animate Armour and
                  | Lehudib's Crystal Spear to your library.
 15815 | Lair:2   | You fall into a shaft and drop 2 floors!
 16018 | Lair:4   | Noticed a catoblepas
 16025 | Lair:4   | Killed a catoblepas
 16026 | Lair:4   | Reached XP level 12. HP: 90/101 MP: 15/15
 16155 | Lair:4   | Reached skill level 8 in Dodging
 16279 | Lair:3   | Reached skill level 8 in Fighting
 16280 | Lair:3   | Noticed a catoblepas
 16296 | Lair:3   | Killed a catoblepas
 16297 | Lair:3   | Reached skill level 14 in Ranged Weapons
 16850 | Lair:3   | Reached skill level 9 in Stealth
 17119 | Lair:2   | Noticed an eight-headed hydra
 17126 | Lair:2   | Killed an eight-headed hydra
 17718 | Lair:3   | Found a staircase to the Shoals.
 18239 | Lair:3   | Found a large runed translucent door.
 18239 | Lair:3   | Found a large runed translucent door.
 18242 | Lair:3   | Noticed Phlounder's ghost (journeyman DrCj)
 18489 | Lair:3   | Found a hole to the Spider Nest.
 18493 | Lair:3   | Reached skill level 9 in Dodging
 18576 | Lair:3   | Reached skill level 9 in Fighting
 18709 | Lair:3   | Identified the +4 halberd "Fukk" {spect, rC+ rN+ Int+3
                  | Dex-4}
 19108 | Lair:3   | Reached skill level 10 in Stealth
 19108 | Lair:3   | Reached XP level 13. HP: 111/111 MP: 16/16
 19425 | Lair:3   | Noticed a dire elephant
 20464 | Lair:4   | Reached skill level 15 in Ranged Weapons
 20547 | Lair:4   | Found a staircase to the Slime Pits.
 20714 | Lair:5   | Entered Level 5 of the Lair of Beasts
 20724 | Lair:4   | Reached skill level 10 in Dodging
 20878 | Lair:4   | Reached skill level 10 in Fighting
 21811 | Lair:5   | Reached skill level 11 in Stealth
 22379 | Lair:5   | Noticed a dire elephant
 22379 | Lair:5   | Noticed a dire elephant
 22380 | Lair:5   | Noticed a dire elephant
 22380 | Lair:5   | Noticed a dire elephant
 23053 | Lair:3   | Killed a dire elephant
 23062 | Lair:3   | Reached XP level 14. HP: 52/122 MP: 17/17
 23479 | D:11     | Identified a scroll of acquirement
 23479 | D:11     | Acquired a manual of Fire Magic
 23511 | D:11     | Found a runed translucent gate.
 23511 | D:11     | Found a runed translucent gate.
 23511 | D:11     | Found a runed translucent gate.
 23511 | D:11     | Noticed Ufudd's ghost (journeyman DsWn)
 23511 | D:11     | Noticed Tuntoteh's ghost (journeyman DrSh)
 23511 | D:11     | Noticed Wywirph's ghost (journeyman TrFi)
 23512 | D:11     | Noticed Ofiorch's ghost (journeyman OgFE)
 24042 | D:11     | Found a portal to a secret trove of treasure.
 24347 | D:12     | Reached skill level 11 in Fighting
 24350 | D:12     | Reached skill level 1 in Evocations
 24999 | D:12     | You pick up a book of the Dragon and begin reading...
 24999 | D:12     | You add the spells Cause Fear, Fireball and Dragon's Call
                  | to your library.
 25431 | D:12     | Reached skill level 2 in Evocations
 26645 | D:13     | Reached skill level 3 in Evocations
 26897 | D:13     | Found Ubiplu Nory's Assorted Antiques.
 26900 | D:13     | Bought a glowing helmet for 225 gold pieces
 26900 | D:13     | Bought a forked gold wand for 120 gold pieces
 26962 | D:13     | Reached skill level 16 in Ranged Weapons
 27312 | D:13     | Found a gate to the Vaults.
 27503 | D:14     | Found Qupuugahe's Antique Weapon Shop.
 27804 | D:1      | Bought a potion of haste for 100 gold pieces
 27804 | D:1      | Bought a potion of invisibility for 80 gold pieces
 28154 | D:14     | Reached skill level 4 in Evocations
 28676 | D:14     | Reached skill level 12 in Fighting
 28689 | D:14     | Reached skill level 5 in Evocations
 28862 | D:15     | Entered Level 15 of the Dungeon
 29231 | D:14     | Upgraded the game from 0.31-a0-1300-gb6740aa4e6 to
                  | 0.31-a0-1308-ga3cce3a448
 29231 | D:14     | magus.rc [v1.9.6]
 29784 | D:15     | Noticed Nessos
 29980 | D:15     | Reached skill level 11 in Dodging
 30270 | D:15     | Reached skill level 1 in Fire Magic
 30318 | D:15     | Reached skill level 1 in Armour
 30399 | D:15     | Killed Nessos
 30415 | D:15     | Reached XP level 15. HP: 132/132 MP: 19/19
 30492 | D:15     | Reached skill level 1 in Spellcasting
 30492 | D:15     | Found a staircase to the Depths.
 30538 | D:15     | Reached skill level 2 in Fire Magic
 30650 | D:15     | You pick up a book of Unlife and begin reading...
 30650 | D:15     | You add the spells Animate Dead, Borgnjor's Vile Clutch and
                  | Death Channel to your library.
 30926 | Orc:1    | Entered Level 1 of the Orcish Mines
 31641 | Orc:1    | Reached skill level 12 in Stealth
 31645 | Orc:1    | Reached skill level 2 in Armour
 31653 | Orc:1    | Reached skill level 3 in Fire Magic
 31840 | Orc:2    | Entered Level 2 of the Orcish Mines
 31840 | Orc:2    | Found Xefren's Distillery.
 32064 | Orc:2    | Reached skill level 2 in Spellcasting
 32788 | Orc:2    | Found Jiarua's General Store.
 33251 | Orc:2    | Found Jifutucs's Jewellery Shop.
 33253 | Orc:2    | Found Fiethrid's Book Emporium.
 33255 | Orc:2    | Found Xupiah's Armour Boutique.
 33928 | Orc:2    | Found a staircase to the Elven Halls.
 34444 | Orc:1    | magus.rc [v1.9.6]
 34479 | Orc:2    | You drop a +0 crystal plate armour {rare=g}.
 34638 | Spider:1 | Entered Level 1 of the Spider Nest
 34646 | Spider:1 | Reached skill level 13 in Fighting
 35196 | Spider:1 | Reached skill level 4 in Fire Magic
 35217 | Spider:1 | Reached skill level 3 in Armour
 36094 | Spider:2 | Reached skill level 6 in Evocations
 36783 | Spider:2 | You fall into a shaft and drop 1 floor!
 36783 | Spider:3 | Noticed Arachne
 36788 | Spider:3 | Noticed Azrael
 36802 | Spider:3 | Reached skill level 3 in Spellcasting
 36809 | Spider:3 | Killed Azrael
 36831 | Spider:3 | Killed Arachne
 36832 | Spider:3 | Reached skill level 5 in Fire Magic
 37515 | Spider:2 | You pick up a book of Callings and begin reading...
 37515 | Spider:2 | You add the spells Summon Small Mammal, Call Canine
                  | Familiar and Summon Guardian Golem to your library.
 38283 | Spider:2 | Reached skill level 4 in Armour
 38577 | Spider:2 | Identified the +2 spear "Bavvod" {heavy, *Rage rPois rC+++
                  | SInv}
 39182 | Spider:2 | Reached XP level 16. HP: 144/144 MP: 3/25
 39474 | Spider:3 | You pick up a book of Dreams and begin reading...
 39474 | Spider:3 | You add the spells Jinxbite, Ensorcelled Hibernation and
                  | Anguish to your library.
 39819 | Spider:3 | Reached skill level 6 in Fire Magic
 40216 | Spider:4 | Entered Level 4 of the Spider Nest
 40806 | Spider:4 | Noticed Agnes
 40816 | Spider:4 | Killed Agnes
 40837 | Spider:3 | Reached skill level 4 in Spellcasting
 41554 | Spider:4 | Reached skill level 12 in Dodging
 41584 | Spider:4 | Reached skill level 7 in Evocations
 42270 | Spider:4 | Reached skill level 7 in Fire Magic
 42280 | Spider:4 | Reached skill level 5 in Armour
 42395 | Spider:4 | magus.rc [v1.9.6]
 42585 | Spider:4 | Reached skill level 13 in Stealth
 43339 | Spider:4 | Got a gossamer rune of Zot
 43828 | Spider:4 | Acquired the amulet of Othablinoa {Reflect rCorr Int+2 SH+5
                  | SInv}
 44563 | Shoals:1 | Entered Level 1 of the Shoals
 44744 | Shoals:1 | You fall into a shaft and drop 1 floor!
 44795 | Shoals:2 | Reached skill level 8 in Fire Magic
 45187 | D:1      | Bought a scroll of teleportation for 33 gold pieces
 45187 | D:1      | Bought a scroll of fog for 44 gold pieces
 45221 | D:1      | Bought a scroll of teleportation for 42 gold pieces
 45221 | D:1      | Bought a scroll of enchant armour for 105 gold pieces
 45221 | D:1      | Bought a scroll of teleportation for 42 gold pieces
 45221 | D:1      | Bought a scroll of revelation for 105 gold pieces
 45496 | Orc:2    | Bought a potion of heal wounds for 80 gold pieces
 45496 | Orc:2    | Bought a potion of haste for 160 gold pieces
 45496 | Orc:2    | Bought a potion of resistance for 160 gold pieces
 45496 | Orc:2    | Bought a potion of heal wounds for 80 gold pieces
 45627 | Shoals:1 | You pick up a book of Death and begin reading...
 45627 | Shoals:1 | You add the spells Haunt and Infestation to your library.
 45656 | Shoals:1 | Reached skill level 5 in Spellcasting
 46213 | Shoals:2 | Reached skill level 17 in Ranged Weapons
 46243 | Shoals:2 | Found a runed translucent door.
 46244 | Shoals:2 | Noticed whatisthis's ghost (adept TrBe)
 46437 | Shoals:2 | Reached skill level 14 in Fighting
 47349 | Shoals:3 | Reached XP level 17. HP: 132/152 MP: 29/29
 47858 | Shoals:3 | You pick up a book of Spatial Translocations and begin
                  | reading...
 47858 | Shoals:3 | You add the spells Blink, Momentum Strike and Lesser
                  | Beckoning to your library.
 47862 | Shoals:3 | Learned a level 2 spell: Blink
 47872 | Shoals:3 | Reached skill level 9 in Fire Magic
 47901 | Shoals:3 | You pick up a book of the Wilderness and begin reading...
 47901 | Shoals:3 | You add the spells Summon Forest, Summon Mana Viper and
                  | Summon Cactus Giant to your library.
 48127 | Shoals:3 | You pick up a book of Conjurations {@e2} and begin
                  | reading...
 48127 | Shoals:3 | You add the spells Magic Dart and Searing Ray to your
                  | library.
 48134 | Shoals:3 | Identified the +2 glaive "Luvenwonui" {flame, rElec rF-
                  | rN+++ Stlth+}
 48335 | Shoals:4 | Entered Level 4 of the Shoals
 48538 | Shoals:4 | Reached skill level 1 in Translocations
 49344 | Shoals:4 | Identified the +8 demon trident of Eternal Vigilance
                  | {freeze, rPois}
 49430 | Shoals:4 | Reached skill level 6 in Spellcasting
 49447 | Shoals:4 | HP: 33/152 [merfolk aquamancer/shard of ice (33)]
 49450 | Shoals:4 | Reached skill level 2 in Translocations
 50021 | Shoals:4 | HP: 25/154 [merfolk javelineer/silver javelin (15)]
 50552 | Shoals:4 | Got a barnacled rune of Zot
 50753 | Shoals:4 | Reached skill level 13 in Dodging
 50781 | Shoals:4 | Reached skill level 10 in Fire Magic
 51478 | Elf:1    | Entered Level 1 of the Elven Halls
 51480 | Elf:1    | Reached skill level 3 in Translocations
 51653 | Elf:1    | Noticed Norris
 51665 | Elf:1    | Killed Norris
 52677 | Elf:2    | Reached skill level 18 in Ranged Weapons
 52677 | Elf:2    | Reached skill level 4 in Translocations
 52807 | Elf:2    | Identified the ring "Uciumo Uliho" {rC+ rN+ Dex+4}
 52866 | Elf:2    | Found a runed translucent door.
 52889 | Elf:2    | Found a runed translucent door.
 52934 | Elf:2    | Reached skill level 7 in Spellcasting
 53069 | Elf:2    | Reached skill level 11 in Fire Magic
 53188 | Elf:2    | Found Deod's Book Boutique.
 53318 | Elf:3    | Entered Level 3 of the Elven Halls
 53393 | Elf:3    | Noticed a deep elf blademaster
 53394 | Elf:3    | Reached XP level 18. HP: 64/162 MP: 33/33
 53412 | Elf:2    | HP: 37/162 [poisoned by a deep elf blademaster]
 53424 | Elf:2    | HP: 39/162 [deep elf blademaster/+1 short sword of venom
                  | (13)]
 53709 | Elf:2    | Learned a level 3 spell: Volatile Blastmotes
 54403 | Orc:2    | Bought a book of Flames for 392 gold pieces
 54403 | Orc:2    | You pick up a book of Flames and begin reading...
 54403 | Orc:2    | You add the spells Inner Flame, Sticky Flame and Flame Wave
                  | to your library.
 54408 | Orc:2    | Learned a level 4 spell: Flame Wave
 54569 | Elf:3    | Identified the +3 quarterstaff "Ygefecebb" {heavy, rPois
                  | rC+ rN+ Dex+3}
 54922 | Elf:3    | Identified the +5 quarterstaff of the Piercing Jester
                  | {speed, Int+2}
 55546 | Elf:3    | Reached skill level 5 in Translocations
 55550 | Elf:3    | Noticed a Brimstone Fiend
 55649 | Elf:3    | Identified the +12 dagger "Zexijar" {heavy, *Corrode rElec
                  | rC+ Str+4}
 55654 | Elf:3    | Paralysed by an air elemental for 1 turns
 55660 | Elf:3    | Reached skill level 15 in Fighting
 56292 | Elf:3    | You add the spells Ozocubu's Armour and Ozocubu's
                  | Refrigeration to your library.
 56294 | Elf:3    | Got Ymato's Octavo of Erosion
 56296 | Elf:3    | You pick up a book of Geomancy and begin reading...
 56296 | Elf:3    | You add the spells Sandblast, Passwall and Brom's
                  | Barrelling Boulder to your library.
 56302 | Elf:3    | You pick up a book of Geomancy and begin reading...
 56306 | Elf:3    | You add the spells Malign Gateway and Summon Horrible
                  | Things to your library.
 56308 | Elf:3    | You pick up a book of Frost and begin reading...
 56308 | Elf:3    | You add the spells Freeze, Frozen Ramparts and Hailstorm to
                  | your library.
 56335 | Elf:3    | You add the spells Passage of Golubria and Disjunction to
                  | your library.
 56335 | Elf:3    | Got the Compilation of Direction
 56365 | Elf:3    | Identified the +9 falchion "Echeuc" {drain, Fly Dex+2}
 56610 | Elf:3    | Found Cycaerr's Distillery.
 56618 | Elf:3    | Bought a potion of heal wounds for 65 gold pieces
 56618 | Elf:3    | Bought a potion of haste for 130 gold pieces
 56618 | Elf:3    | Bought a potion of curing for 39 gold pieces
 56618 | Elf:3    | Bought a potion of heal wounds for 65 gold pieces
 56858 | Elf:3    | Learned a level 3 spell: Inner Flame
 56863 | Elf:3    | Learned a level 4 spell: Sticky Flame
 57144 | Vaults:1 | Entered Level 1 of the Vaults
 57337 | Vaults:1 | Noticed Nikola
 57350 | Vaults:1 | Killed Nikola
 57514 | Vaults:1 | Reached skill level 1 in Conjurations
 57742 | Vaults:1 | Reached skill level 8 in Spellcasting
 57828 | Vaults:1 | Reached skill level 2 in Conjurations
 57917 | Vaults:1 | Reached skill level 19 in Ranged Weapons
 58508 | Vaults:2 | Reached skill level 3 in Conjurations
 58518 | Vaults:2 | Noticed Xtahua
 58634 | Vaults:2 | Found a staircase to the Crypt.
 58759 | Vaults:2 | Upgraded the game from 0.31-a0-1308-ga3cce3a448 to
                  | 0.31-a0-1321-g5021b54cb2
 58759 | Vaults:2 | magus.rc [v1.9.6]
 59334 | Vaults:2 | Reached skill level 8 in Evocations
 59397 | Vaults:2 | Identified the +3 falchion of the Pill Bug {freeze, ^Drain
                  | rF++ SInv}
 59398 | Vaults:2 | Identified the +8 short sword of Wumiote {heavy, rPois rC+
                  | Will+ Dex-5}
 59496 | Vaults:2 | Paralysed by Xtahua for 3 turns
 59514 | Vaults:2 | Killed Xtahua
 59515 | Vaults:2 | Reached XP level 19. HP: 118/171 MP: 34/36
 59543 | Vaults:2 | Reached skill level 4 in Conjurations
 60260 | Vaults:2 | Reached skill level 9 in Spellcasting
 60399 | Vaults:2 | Identified the +0 chain mail "Megu" {*Slow rN+ rCorr Str+2}
 60534 | Vaults:2 | Learned a level 5 spell: Fireball
 60563 | Vaults:2 | Found Rixec's General Store.
 60571 | Vaults:2 | Bought a wand of light (5) for 273 gold pieces
 60571 | Vaults:2 | Bought a scroll of teleportation for 39 gold pieces
 60750 | D:11     | HP: 40/172 [burnt (12)]
 61012 | D:11     | Killed Wywirph's ghost
 61051 | D:11     | Killed Ufudd's ghost
 61059 | D:11     | Killed Ofiorch's ghost
 61084 | D:11     | You pick up a book of Power and begin reading...
 61211 | Lair:3   | Killed Phlounder's ghost
 61313 | Shoals:2 | Killed whatisthis's ghost
 61330 | Shoals:2 | Identified the ring "Wihocro" {Ice rElec}
 61626 | Elf:2    | Reached skill level 5 in Conjurations
 62189 | Elf:2    | Reached skill level 16 in Fighting
 62196 | Elf:2    | Reached skill level 20 in Ranged Weapons
 62196 | Elf:2    | Reached skill level 9 in Evocations
 63135 | D:1      | Bought a scroll of brand weapon for 104 gold pieces
 63170 | D:1      | Bought a scroll of brand weapon for 133 gold pieces
 63582 | Vaults:3 | You add the spells Sting, Mercury Vapours and Olgreb's
                  | Toxic Radiance to your library.
 63588 | Vaults:3 | Learned a level 4 spell: Iskenderun's Mystic Blast
 63963 | Vaults:3 | Reached skill level 6 in Conjurations
 63967 | Vaults:3 | Reached skill level 14 in Dodging
 64093 | Vaults:3 | Found Ziucunoe's Armour Emporium.
 64126 | Vaults:3 | Reached skill level 6 in Translocations
 65245 | Vaults:3 | You fall into a shaft and drop 1 floor!
 65422 | Vaults:4 | Reached XP level 20. HP: 182/182 MP: 38/38
 65940 | Vaults:4 | Reached skill level 7 in Conjurations
 66217 | Vaults:4 | Reached skill level 7 in Translocations
 66378 | Vaults:4 | HP: 35/182 [war gargoyle/+0 flail[a peacekeeper] (44)]
 67257 | Vaults:3 | Reached skill level 10 in Evocations
 68034 | Vaults:4 | magus.rc [v1.9.6]
 68428 | Elf:3    | magus.rc [v1.9.6]
 68732 | D:1      | Learned a level 4 spell: Passage of Golubria
 69669 | D:1      | Bought a scroll of fog for 56 gold pieces
 69878 | Orc:2    | Bought a scroll of fear for 64 gold pieces
 69985 | Orc:2    | magus.rc [v1.9.6]
 70168 | D:1      | Bought a scroll of silence for 104 gold pieces
 70599 | Vaults:5 | Entered Level 5 of the Vaults
 70607 | Vaults:5 | Noticed a golden dragon
 70611 | Vaults:5 | Noticed a golden dragon
 70770 | Vaults:5 | Identified the +0 battleaxe of the Dancing Gods {speed,
                  | Will+ rCorr Int+3}
 71506 | Vaults:5 | Reached skill level 8 in Conjurations
 71509 | Vaults:5 | Reached skill level 8 in Translocations
 71538 | Vaults:5 | Reached skill level 17 in Fighting
 71543 | Vaults:5 | Noticed a golden dragon
 71551 | Vaults:5 | Killed a golden dragon
 71568 | Vaults:5 | Killed a golden dragon
 71568 | Vaults:5 | Identified +0 gold dragon scales
 71681 | Vaults:5 | Noticed a dread lich
 71682 | Vaults:5 | Paralysed by a dread lich for 2 turns
 71683 | Vaults:5 | HP: 44/178 [titan (15)]
 71691 | Vaults:5 | HP: 42/178 [vault guard/+1 falchion of distortion (3)]
 71783 | Vaults:5 | Reached skill level 15 in Dodging
 72382 | Vaults:5 | Killed a dread lich
 73152 | Vaults:5 | Identified the +1 whip "Oraes" {heavy, rF++ Str+3 Int-2}
 73155 | Vaults:5 | Identified the +0 mace of Past Mistakes {venom, Str+2
                  | Dex+5}
 73161 | Vaults:5 | You pick up a book of Cantrips and begin reading...
 73161 | Vaults:5 | You add the spells Necrotise and Apportation to your
                  | library.
 73333 | Vaults:5 | Reached skill level 12 in Fire Magic
 73677 | Vaults:5 | Killed a golden dragon
 73678 | Vaults:5 | Reached skill level 9 in Conjurations
 73695 | Vaults:5 | Reached skill level 9 in Translocations
 73797 | Vaults:5 | Reached XP level 21. HP: 189/191 MP: 40/40
 73909 | Vaults:5 | Found Raigeex's Magic Scroll Shop.
 73920 | Vaults:5 | Bought a scroll of blinking for 112 gold pieces
 73920 | Vaults:5 | Bought a scroll of blinking for 112 gold pieces
 73920 | Vaults:5 | Bought a scroll of teleportation for 45 gold pieces
 73935 | Vaults:5 | Found Mera Faquw's Magic Scroll Boutique.
 73939 | Vaults:5 | Bought a scroll of butterflies for 80 gold pieces
 74190 | Vaults:5 | Reached skill level 10 in Spellcasting
 74239 | Vaults:5 | You pick up a book of the Wilderness and begin reading...
 74543 | Vaults:5 | Got a silver rune of Zot
 74925 | Slime:1  | Entered Level 1 of the Pits of Slime
 74928 | Slime:1  | Reached skill level 13 in Fire Magic
 74996 | Slime:1  | You fall into a shaft and drop 1 floor!
 75141 | Slime:1  | Gained mutation: You occasionally lose the ability to read
                  | scrolls when taking damage. [a shining eye]
 75143 | Slime:1  | Gained mutation: You do not regenerate when monsters are
                  | visible. [a shining eye]
 75553 | Slime:2  | Reached skill level 10 in Conjurations
 75570 | Slime:1  | Reached skill level 10 in Translocations
 75577 | Lair:4   | Lost mutation: You occasionally lose the ability to read
                  | scrolls when taking damage. [potion of mutation]
 75577 | Lair:4   | Lost mutation: You do not regenerate when monsters are
                  | visible. [potion of mutation]
 75577 | Lair:4   | Gained mutation: You have a pair of small antennae on your
                  | head. [potion of mutation]
 75577 | Lair:4   | Gained mutation: Your spells are a little harder to cast,
                  | but a little more powerful. [potion of mutation]
 76457 | Slime:3  | Learned a level 4 spell: Dispel Undead
 76864 | Slime:5  | Entered Level 5 of the Pits of Slime
 77058 | Slime:5  | Reached skill level 1 in Necromancy
 77218 | Slime:5  | Paralysed by a formless jellyfish for 1 turns
 77253 | Slime:5  | Paralysed by a formless jellyfish for 1 turns
 77565 | Slime:5  | Reached skill level 2 in Necromancy
 77565 | Slime:5  | Reached skill level 14 in Fire Magic
 77602 | Slime:5  | Found the +5 moon troll leather armour {Spirit, Regen++
                  | MP+5}
 77618 | Slime:5  | Noticed the Royal Jelly
 77638 | Slime:5  | Killed the Royal Jelly
 77638 | Slime:5  | HP: 34/191 [rockslime[the Royal Jelly] (15)]
 77648 | Slime:5  | HP: 45/191 [rockslime[the Royal Jelly] (2)]
 77946 | Slime:5  | Reached skill level 3 in Necromancy
 78295 | Slime:5  | Identified the ring of Ovvydgh {Wiz *Slow rC+ rN++ Will+}
 78298 | Slime:5  | You pick up a book of Geomancy and begin reading...
 78301 | Slime:5  | Identified the +4 dagger "Rikofeh" {heavy, rElec}
 78318 | Slime:5  | You pick up a book of Touch and begin reading...
 78347 | Slime:5  | You pick up a book of Decay and begin reading...
 78402 | Slime:5  | You pick up a book of Dangerous Friends and begin
                  | reading...
 78512 | Slime:5  | Got a slimy rune of Zot
 78614 | Slime:5  | You pick up a book of the Dragon and begin reading...
 79274 | Depths:1 | Entered Level 1 of the Depths
 79430 | Depths:1 | Identified the serpent talisman of Ampus {rF++ Int+3}
 79430 | Depths:1 | Noticed Aizul
 79441 | Depths:1 | Killed Aizul
 79510 | Depths:1 | Found Plog's General Store.
 79512 | Depths:1 | Found Veowyha's Magic Scroll Shop.
 79512 | Depths:1 | Found Motwoss's Armour Shop.
 79514 | Depths:1 | Found Xoxoc's Magic Scroll Shop.
 79525 | Depths:1 | Bought a scroll of teleportation for 66 gold pieces
 79529 | Depths:1 | Bought 3 scrolls of enchant armour for 292 gold pieces
 79529 | Depths:1 | Bought a scroll of teleportation for 39 gold pieces
 79537 | Depths:1 | Bought a scroll of teleportation for 51 gold pieces
 79537 | Depths:1 | Bought a scroll of teleportation for 51 gold pieces
 79657 | Depths:1 | Reached skill level 11 in Spellcasting
 79942 | Depths:1 | Got Sif Muna's Guidebook on Shapeshifting
 79944 | Depths:1 | Got Sif Muna's Textbook on Assembling
 79947 | Depths:1 | Got Sif Muna's Meditations on the Missiles
 79999 | Depths:1 | Found a gateway to Hell.
 80977 | Lair:5   | You pick up a book of Debilitation and begin reading...
 80977 | Lair:5   | You add the spells Slow, Sigil of Binding and Vampiric
                  | Draining to your library.
 80979 | Lair:5   | You pick up a book of the Moon and begin reading...
 81327 | Depths:2 | Found a transporter.
 81346 | Depths:2 | Found a transporter.
 81378 | Depths:2 | Reached skill level 4 in Necromancy
 81461 | Depths:2 | Found a transporter.
 81556 | Depths:2 | Identified the ring of the Ten Cursing Seers {Ice rPois
                  | rCorr Int-4}
 81556 | Depths:2 | Noticed Josephina
 81573 | Depths:2 | Killed Josephina
 81579 | Depths:2 | Reached skill level 5 in Necromancy
 81883 | Depths:2 | Reached XP level 22. HP: 200/200 MP: 42/42
 81902 | Depths:2 | Found a one-way gate leading to the halls of Pandemonium.
 81971 | Depths:2 | Reached skill level 6 in Necromancy
 82035 | Depths:2 | Reached skill level 7 in Necromancy
 82070 | Depths:2 | Identified a potion of experience
 82087 | Depths:2 | Reached skill level 8 in Necromancy
 82087 | Depths:2 | Reached XP level 23. HP: 206/206 MP: 43/43
 82149 | Depths:2 | Reached skill level 1 in Alchemy
 82577 | Depths:2 | Noticed Asterion
 82582 | Depths:2 | Found a transporter.
 82589 | Depths:2 | Killed Asterion
 82824 | Depths:2 | Reached skill level 2 in Alchemy
 82852 | Depths:2 | Learned a level 3 spell: Fugue of the Fallen
 83201 | Depths:3 | Reached skill level 3 in Alchemy
 83339 | Depths:3 | Noticed a caustic shrike
 83346 | Depths:3 | Killed a caustic shrike
 83358 | Depths:3 | Reached skill level 4 in Alchemy
 83587 | Depths:3 | Identified the ring "Qacosir" {Fire rPois rN+ Str-2 Dex+3}
 83659 | Depths:3 | Reached skill level 12 in Spellcasting
 83696 | Depths:3 | Reached skill level 5 in Alchemy
 83776 | Depths:3 | Noticed a caustic shrike
 83788 | Depths:3 | Killed a caustic shrike
 84025 | Depths:3 | Reached skill level 6 in Alchemy
 84191 | Depths:3 | You pick up a book of Spontaneous Combustion and begin
                  | reading...
 84191 | Depths:3 | You add the spells Irradiate and Ignition to your library.
 84244 | Depths:3 | Found a one-way gate to the infinite horrors of the Abyss.
 84467 | Depths:3 | Found the +6 Majin-Bo {spellvamp, MP+6 Int+6}
 84475 | Depths:3 | magus.rc [v1.9.6]
 84475 | Depths:3 | magus.rc [v1.9.6]
 84537 | Depths:4 | Entered Level 4 of the Depths
 84627 | Depths:4 | Found a one-way gateway to a ziggurat.
 85263 | Depths:4 | Reached skill level 7 in Alchemy
 85339 | Depths:4 | Reached skill level 13 in Spellcasting
 85826 | Depths:4 | Reached skill level 8 in Alchemy
 85945 | Depths:4 | Found a gate to the Realm of Zot.
 86689 | Crypt:1  | Entered Level 1 of the Crypt
 86792 | Crypt:1  | Learned a level 5 spell: Irradiate
 87134 | Crypt:1  | Noticed Mennas
 87166 | Vaults:2 | Killed Mennas
 87167 | Vaults:2 | Reached skill level 15 in Fire Magic
 87343 | Vaults:2 | Reached skill level 9 in Alchemy
 87537 | Crypt:1  | Noticed Zenata
 87592 | Crypt:1  | Killed Zenata
 87596 | Crypt:1  | Reached XP level 24. HP: 168/214 MP: 27/46
 87689 | Crypt:1  | Noticed Khufu
 87689 | Crypt:1  | Noticed a royal mummy
 87987 | Crypt:1  | You pick up a book of Frost and begin reading...
 88382 | Crypt:1  | Killed a royal mummy
 88391 | Crypt:1  | Killed Khufu
 89128 | Crypt:2  | Reached skill level 14 in Spellcasting
 89359 | Crypt:2  | Noticed a curse skull
 89377 | Crypt:2  | Killed a curse skull
 89572 | Crypt:2  | Identified the +0 kite shield of the Gate {Will+ Regen+
                  | Str-5 Dex+7}
 89572 | Crypt:2  | Noticed Donald
 89581 | Crypt:2  | Killed Donald
 89582 | Crypt:2  | Reached skill level 16 in Fire Magic
 89628 | Crypt:2  | Noticed Saint Roka
 89640 | Crypt:2  | Killed Saint Roka
 89705 | Crypt:2  | Reached skill level 10 in Alchemy
 90071 | Crypt:3  | Entered Level 3 of the Crypt
 90202 | Crypt:2  | Noticed Frederick
 90217 | Crypt:2  | Killed Frederick
 90343 | Crypt:3  | You pick up a book of the Tundra and begin reading...
 90343 | Crypt:3  | You add the spells Summon Ice Beast and Simulacrum to your
                  | library.
 90371 | Crypt:3  | Found a staircase to the Tomb.
 90570 | Crypt:3  | Identified the +1 cloak of the Jabberwock {rPois rN+++
                  | rCorr Dex-4}
 91069 | Crypt:3  | Identified the staff "Jylua" {rPois Stlth+ Tloc Earth}
 91069 | Crypt:3  | Identified the ring of Paij {rF+ rN+ Int+5 Stlth+}
 91069 | Crypt:3  | Noticed a royal mummy
 91293 | Crypt:3  | Reached skill level 17 in Fire Magic
 91419 | Crypt:3  | Reached skill level 11 in Alchemy
 91438 | Crypt:3  | Identified the +0 leather armour of Bestreoff {Int+2 Dex+5}
 91610 | Crypt:3  | Identified the ring of Doors {rN+ Dex+3}
 91610 | Crypt:3  | Identified the ring of Otuosuz {rPois rC+ rN+ Slay+2}
 92187 | Zot:1    | Entered Level 1 of the Realm of Zot
 92663 | Zot:1    | Found the +4 dragonskin cloak
 92663 | Zot:1    | Noticed Tiamat
 92663 | Zot:1    | Tiamat, Avatar of the Dragonlord comes into view. She is
                  | wielding a +0 glaive of holy wrath and wearing the +4
                  | dragonskin cloak.
 92666 | Zot:1    | Aim: Tiamat, wielding a +0 glaive of holy wrath and wearing
                  | the +4 dragonskin cloak (thunder, lightly wounded, 76% to
                  | hit)
 92666 | Zot:1    | Aim: Tiamat, wielding a +0 glaive of holy wrath and wearing
                  | the +4 dragonskin cloak (thunder, lightly wounded, 76% to
                  | hit)
 92667 | Zot:1    | Aim: Tiamat, wielding a +0 glaive of holy wrath and wearing
                  | the +4 dragonskin cloak (lightly wounded, wandering, blind,
                  | unable to see you, hasn't noticed you)
 92667 | Zot:1    | Aim: Tiamat, wielding a +0 glaive of holy wrath and wearing
                  | the +4 dragonskin cloak (lightly wounded, wandering, blind,
                  | unable to see you, hasn't noticed you)
 92670 | Zot:1    | Aim: Tiamat, wielding a +0 glaive of holy wrath and wearing
                  | the +4 dragonskin cloak (lightly wounded, blind, unable to
                  | see you, ally target, 81% to hit)
 92670 | Zot:1    | Aim: Tiamat, wielding a +0 glaive of holy wrath and wearing
                  | the +4 dragonskin cloak (lightly wounded, blind, unable to
                  | see you, ally target, 81% to hit)
 92671 | Zot:1    | Aim: Tiamat, wielding a +0 glaive of holy wrath and wearing
                  | the +4 dragonskin cloak (lightly wounded, blind, unable to
                  | see you, ally target, 81% to hit)
 92671 | Zot:1    | Aim: Tiamat, wielding a +0 glaive of holy wrath and wearing
                  | the +4 dragonskin cloak (lightly wounded, blind, unable to
                  | see you, ally target, 81% to hit)
 92672 | Zot:1    | Aim: Tiamat, wielding a +0 glaive of holy wrath and wearing
                  | the +4 dragonskin cloak (lightly wounded, not watching you,
                  | ally target, 81% to hit)
 92672 | Zot:1    | Aim: Tiamat, wielding a +0 glaive of holy wrath and wearing
                  | the +4 dragonskin cloak (lightly wounded, not watching you,
                  | ally target, 81% to hit)
 92673 | Zot:1    | Aim: Tiamat, wielding a +0 glaive of holy wrath and wearing
                  | the +4 dragonskin cloak (lightly wounded, ally target, 81%
                  | to hit)
 92673 | Zot:1    | Aim: Tiamat, wielding a +0 glaive of holy wrath and wearing
                  | the +4 dragonskin cloak (lightly wounded, ally target, 81%
                  | to hit)
 92674 | Zot:1    | Aim: Tiamat, wielding a +0 glaive of holy wrath and wearing
                  | the +4 dragonskin cloak (lightly wounded, ally target, 81%
                  | to hit)
 92674 | Zot:1    | Aim: Tiamat, wielding a +0 glaive of holy wrath and wearing
                  | the +4 dragonskin cloak (lightly wounded, ally target, 81%
                  | to hit)
 92675 | Zot:1    | Aim: Tiamat, wielding a +0 glaive of holy wrath and wearing
                  | the +4 dragonskin cloak (lightly wounded, ally target, 81%
                  | to hit)
 92675 | Zot:1    | Aim: Tiamat, wielding a +0 glaive of holy wrath and wearing
                  | the +4 dragonskin cloak (lightly wounded, ally target, 81%
                  | to hit)
 92676 | Zot:1    | Aim: Tiamat, wielding a +0 glaive of holy wrath and wearing
                  | the +4 dragonskin cloak (lightly wounded, ally target, 81%
                  | to hit)
 92676 | Zot:1    | Aim: Tiamat, wielding a +0 glaive of holy wrath and wearing
                  | the +4 dragonskin cloak (lightly wounded, ally target, 81%
                  | to hit)
 92678 | Zot:1    | Aim: Tiamat, wielding a +0 glaive of holy wrath and wearing
                  | the +4 dragonskin cloak (moderately wounded, 81% to hit)
 92678 | Zot:1    | Aim: Tiamat, wielding a +0 glaive of holy wrath and wearing
                  | the +4 dragonskin cloak (moderately wounded, 81% to hit)
 92679 | Zot:1    | Aim: Tiamat, wielding a +0 glaive of holy wrath and wearing
                  | the +4 dragonskin cloak (translocational energy, moderately
                  | wounded, 81% to hit)
 92679 | Zot:1    | Aim: Tiamat, wielding a +0 glaive of holy wrath and wearing
                  | the +4 dragonskin cloak (translocational energy, moderately
                  | wounded, 81% to hit)
 92680 | Zot:1    | Aim: Tiamat, wielding a +0 glaive of holy wrath and wearing
                  | the +4 dragonskin cloak (heavily wounded, ally target, 81%
                  | to hit)
 92680 | Zot:1    | Aim: Tiamat, wielding a +0 glaive of holy wrath and wearing
                  | the +4 dragonskin cloak (heavily wounded, ally target, 81%
                  | to hit)
 92681 | Zot:1    | Aim: Tiamat, wielding a +0 glaive of holy wrath and wearing
                  | the +4 dragonskin cloak (heavily wounded, 81% to hit)
 92681 | Zot:1    | Aim: Tiamat, wielding a +0 glaive of holy wrath and wearing
                  | the +4 dragonskin cloak (heavily wounded, 81% to hit)
 92682 | Zot:1    | Aim: Tiamat, wielding a +0 glaive of holy wrath and wearing
                  | the +4 dragonskin cloak (heavily wounded, 81% to hit)
 92682 | Zot:1    | Aim: Tiamat, wielding a +0 glaive of holy wrath and wearing
                  | the +4 dragonskin cloak (heavily wounded, 81% to hit)
 92683 | Zot:1    | Aim: Tiamat, wielding a +0 glaive of holy wrath and wearing
                  | the +4 dragonskin cloak (heavily wounded, 81% to hit)
 92683 | Zot:1    | Aim: Tiamat, wielding a +0 glaive of holy wrath and wearing
                  | the +4 dragonskin cloak (heavily wounded, 81% to hit)
 92684 | Zot:1    | Aim: Tiamat, wielding a +0 glaive of holy wrath and wearing
                  | the +4 dragonskin cloak (heavily wounded, 81% to hit)
 92684 | Zot:1    | Aim: Tiamat, wielding a +0 glaive of holy wrath and wearing
                  | the +4 dragonskin cloak (heavily wounded, 81% to hit)
 92685 | Zot:1    | Aim: Tiamat, wielding a +0 glaive of holy wrath and wearing
                  | the +4 dragonskin cloak (heavily wounded, 81% to hit)
 92685 | Zot:1    | Aim: Tiamat, wielding a +0 glaive of holy wrath and wearing
                  | the +4 dragonskin cloak (heavily wounded, 81% to hit)
 92686 | Zot:1    | Aim: Tiamat, wielding a +0 glaive of holy wrath and wearing
                  | the +4 dragonskin cloak (heavily wounded, 81% to hit)
 92686 | Zot:1    | Aim: Tiamat, wielding a +0 glaive of holy wrath and wearing
                  | the +4 dragonskin cloak (heavily wounded, 81% to hit)
 92687 | Zot:1    | Aim: Tiamat, wielding a +0 glaive of holy wrath and wearing
                  | the +4 dragonskin cloak (heavily wounded, 81% to hit)
 92687 | Zot:1    | Aim: Tiamat, wielding a +0 glaive of holy wrath and wearing
                  | the +4 dragonskin cloak (heavily wounded, 81% to hit)
 92688 | Zot:1    | Aim: Tiamat, wielding a +0 glaive of holy wrath and wearing
                  | the +4 dragonskin cloak (heavily wounded, 81% to hit)
 92688 | Zot:1    | Aim: Tiamat, wielding a +0 glaive of holy wrath and wearing
                  | the +4 dragonskin cloak (heavily wounded, 81% to hit)
 92689 | Zot:1    | Aim: Tiamat, wielding a +0 glaive of holy wrath and wearing
                  | the +4 dragonskin cloak (heavily wounded, 81% to hit)
 92689 | Zot:1    | Aim: Tiamat, wielding a +0 glaive of holy wrath and wearing
                  | the +4 dragonskin cloak (heavily wounded, 81% to hit)
 92690 | Zot:1    | Aim: Tiamat, wielding a +0 glaive of holy wrath and wearing
                  | the +4 dragonskin cloak (heavily wounded, 81% to hit)
 92690 | Zot:1    | Aim: Tiamat, wielding a +0 glaive of holy wrath and wearing
                  | the +4 dragonskin cloak (heavily wounded, 81% to hit)
 92691 | Zot:1    | Aim: Tiamat, wielding a +0 glaive of holy wrath and wearing
                  | the +4 dragonskin cloak (heavily wounded, 81% to hit)
 92691 | Zot:1    | Aim: Tiamat, wielding a +0 glaive of holy wrath and wearing
                  | the +4 dragonskin cloak (heavily wounded, 81% to hit)
 92692 | Zot:1    | Aim: Tiamat, wielding a +0 glaive of holy wrath and wearing
                  | the +4 dragonskin cloak (severely wounded, 81% to hit)
 92692 | Zot:1    | Aim: Tiamat, wielding a +0 glaive of holy wrath and wearing
                  | the +4 dragonskin cloak (severely wounded, 81% to hit)
 92693 | Zot:1    | Aim: Tiamat, wielding a +0 glaive of holy wrath and wearing
                  | the +4 dragonskin cloak (severely wounded, 81% to hit)
 92693 | Zot:1    | Aim: Tiamat, wielding a +0 glaive of holy wrath and wearing
                  | the +4 dragonskin cloak (severely wounded, 81% to hit)
 92694 | Zot:1    | Aim: Tiamat, wielding a +0 glaive of holy wrath and wearing
                  | the +4 dragonskin cloak (severely wounded, 81% to hit)
 92694 | Zot:1    | Aim: Tiamat, wielding a +0 glaive of holy wrath and wearing
                  | the +4 dragonskin cloak (severely wounded, 81% to hit)
 92695 | Zot:1    | Aim: Tiamat, wielding a +0 glaive of holy wrath and wearing
                  | the +4 dragonskin cloak (severely wounded, catching her
                  | breath, 81% to hit)
 92695 | Zot:1    | Aim: Tiamat, wielding a +0 glaive of holy wrath and wearing
                  | the +4 dragonskin cloak (severely wounded, catching her
                  | breath, 81% to hit)
 92696 | Zot:1    | Aim: Tiamat, wielding a +0 glaive of holy wrath and wearing
                  | the +4 dragonskin cloak (severely wounded, catching her
                  | breath, 81% to hit)
 92696 | Zot:1    | Aim: Tiamat, wielding a +0 glaive of holy wrath and wearing
                  | the +4 dragonskin cloak (severely wounded, catching her
                  | breath, 81% to hit)
 92697 | Zot:1    | Aim: Tiamat, wielding a +0 glaive of holy wrath and wearing
                  | the +4 dragonskin cloak (severely wounded, 81% to hit)
 92697 | Zot:1    | Aim: Tiamat, wielding a +0 glaive of holy wrath and wearing
                  | the +4 dragonskin cloak (severely wounded, 81% to hit)
 92698 | Zot:1    | Aim: Tiamat, wielding a +0 glaive of holy wrath and wearing
                  | the +4 dragonskin cloak (severely wounded, 81% to hit)
 92698 | Zot:1    | Aim: Tiamat, wielding a +0 glaive of holy wrath and wearing
                  | the +4 dragonskin cloak (severely wounded, 81% to hit)
 92699 | Zot:1    | Aim: Tiamat, wielding a +0 glaive of holy wrath and wearing
                  | the +4 dragonskin cloak (almost dead, 81% to hit)
 92699 | Zot:1    | Aim: Tiamat, wielding a +0 glaive of holy wrath and wearing
                  | the +4 dragonskin cloak (almost dead, 81% to hit)
 92700 | Zot:1    | Aim: Tiamat, wielding a +0 glaive of holy wrath and wearing
                  | the +4 dragonskin cloak (almost dead, 81% to hit)
 92700 | Zot:1    | Aim: Tiamat, wielding a +0 glaive of holy wrath and wearing
                  | the +4 dragonskin cloak (almost dead, 81% to hit)
 92701 | Zot:1    | Aim: Tiamat, wielding a +0 glaive of holy wrath and wearing
                  | the +4 dragonskin cloak (almost dead, 81% to hit)
 92701 | Zot:1    | Aim: Tiamat, wielding a +0 glaive of holy wrath and wearing
                  | the +4 dragonskin cloak (almost dead, 81% to hit)
 92702 | Zot:1    | Aim: Tiamat, wielding a +0 glaive of holy wrath and wearing
                  | the +4 dragonskin cloak (almost dead, 81% to hit)
 92702 | Zot:1    | Aim: Tiamat, wielding a +0 glaive of holy wrath and wearing
                  | the +4 dragonskin cloak (almost dead, 81% to hit)
 92703 | Zot:1    | Aim: Tiamat, wielding a +0 glaive of holy wrath and wearing
                  | the +4 dragonskin cloak (almost dead, 81% to hit)
 92703 | Zot:1    | Aim: Tiamat, wielding a +0 glaive of holy wrath and wearing
                  | the +4 dragonskin cloak (almost dead, 81% to hit)
 92703 | Zot:1    | Killed Tiamat
 92746 | Zot:1    | Reached skill level 15 in Spellcasting
 92891 | Zot:1    | Upgraded the game from 0.31-a0-1321-g5021b54cb2 to
                  | 0.31-a0-1338-gb567cfdca4
 92891 | Zot:1    | magus.rc [v1.9.6]
 92985 | Zot:1    | Learned a level 4 spell: Olgreb's Toxic Radiance
 93107 | Zot:1    | quicksilver dragon scales {rare}; a quicksilver dragon
                  | corpse
 93229 | Zot:1    | +0 shadow dragon scales {rare}; a shadow dragon corpse
 93245 | Zot:1    | +0 shadow dragon scales {rare}; a shadow dragon corpse
 93271 | Zot:1    | Found a runed translucent gate.
 93271 | Zot:1    | Found a runed translucent gate.
 93271 | Zot:1    | Found a runed translucent gate.
 93273 | Zot:1    | Noticed a dread lich
 93273 | Zot:1    | Noticed Vyqe's ghost (master MfIE)
 93273 | Zot:1    | Noticed a dread lich
 93295 | Zot:1    | quicksilver dragon scales {rare}; a quicksilver dragon
                  | corpse
 94436 | Zot:2    | Noticed Grunn
 94439 | Zot:2    | Reached skill level 6 in Armour
 94494 | Zot:1    | HP: 51/209 [putrid mouth][a doom hound] (7)]
 94499 | Zot:1    | HP: 33/211 [poison (dark miasma)]
 94504 | Zot:1    | HP: 39/211 [poison (dark miasma)]
 95126 | Zot:2    | Found a runed translucent door.
 95136 | Zot:2    | Noticed Cuhyol's ghost (veteran MfSh)
 95163 | Zot:2    | Killed Cuhyol's ghost
 95175 | Zot:2    | You pick up a book of the Earth and begin reading...
 95175 | Zot:2    | You add the spells Leda's Liquefaction and Lee's Rapid
                  | Deconstruction to your library.
 95366 | Zot:2    | Reached skill level 12 in Alchemy
 95370 | Zot:2    | Killed Grunn
 95546 | Zot:2    | +0 shadow dragon scales {rare}; a shadow dragon corpse
 95548 | Zot:2    | +0 storm dragon scales {rare}; a storm dragon corpse
 95552 | Zot:2    | +0 storm dragon scales {rare}; a storm dragon corpse
 95554 | Zot:2    | +0 shadow dragon scales {rare}; a shadow dragon corpse
 95649 | Zot:2    | +0 shadow dragon scales {rare}; a shadow dragon corpse
 95651 | Zot:2    | +0 storm dragon scales {rare}; a storm dragon corpse
 95667 | Zot:2    | Reached skill level 7 in Armour
 95667 | Zot:2    | Reached XP level 25. HP: 217/219 MP: 48/48
 95668 | Zot:2    | +0 storm dragon scales {rare}; a storm dragon corpse
 95670 | Zot:2    | +0 shadow dragon scales {rare}; a shadow dragon corpse
 95696 | Zot:2    | +0 shadow dragon scales {rare}; a golden dragon corpse; a
                  | shadow dragon corpse
 95698 | Zot:2    | +0 storm dragon scales {rare}; a storm dragon corpse
 96082 | Zot:2    | Identified +0 gold dragon scales
 96145 | Zot:2    | +0 gold dragon scales {rare}; a golden dragon corpse
 96664 | Zot:3    | You pick up a book of Frost and begin reading...
 96679 | Zot:3    | Noticed an orb of fire
 96694 | Zot:3    | Gained mutation: Potions are less effective at restoring
                  | your health. [an orb of fire]
 96864 | Zot:3    | Reached skill level 18 in Fire Magic
 97342 | Zot:3    | Gained mutation: You are weak. (Str -2) [an orb of fire]
 97363 | Zot:3    | Killed an orb of fire
 97397 | Zot:3    | Noticed a curse toe
 97410 | Zot:3    | Killed a curse toe
 97642 | Zot:3    | Reached skill level 16 in Spellcasting
 97748 | Zot:3    | You add the spells Metabolic Englaciation and Enfeeble to
                  | your library.
 97748 | Zot:3    | Got Sif Muna's Tome of Obstruction
 97904 | Zot:3    | Reached skill level 13 in Alchemy
100209 | Zot:3    | Upgraded the game from 0.31-a0-1338-gb567cfdca4 to
                  | 0.31-a0-1370-gf52a5a9ab3
100209 | Zot:3    | magus.rc [v1.9.6]
100218 | Zot:3    | Noticed an electric golem
100231 | Zot:3    | Killed an electric golem
100248 | Zot:3    | Noticed an electric golem
100261 | Zot:3    | Killed an electric golem
100378 | Zot:3    | You pick up a book of Lightning and begin reading...
100378 | Zot:3    | You add the spells Vhi's Electric Charge, Arcjolt and
                  | Plasma Beam to your library.
100380 | Zot:3    | Identified the staff of Udetyf {rElec rC- rCorr Int-5 Dex+6
                  | Air}
100396 | Zot:3    | Learned a level 5 spell: Arcjolt
100403 | Zot:3    | Learned a level 6 spell: Plasma Beam
100870 | Hell     | Entered the Vestibule of Hell
100870 | Hell     | Noticed Geryon
100873 | Hell     | Reached skill level 1 in Air Magic
100994 | Depths:1 | Reached skill level 2 in Air Magic
101027 | Depths:1 | Reached skill level 3 in Air Magic
101207 | Depths:1 | Reached skill level 4 in Air Magic
101222 | Depths:1 | Reached skill level 5 in Air Magic
101948 | Hell     | Reached skill level 6 in Air Magic
102089 | Hell     | Killed Geryon
102092 | Hell     | Noticed Murray
102102 | Depths:1 | Reached skill level 7 in Air Magic
102296 | Depths:1 | Killed Murray
102746 | Depths:1 | Reached skill level 8 in Air Magic
103231 | Depths:1 | Reached skill level 9 in Air Magic
103685 | Hell     | Reached skill level 10 in Air Magic
104010 | Hell     | Found a gateway to the Iron City of Dis.
104052 | Hell     | Reached skill level 11 in Air Magic
104208 | Hell     | HP: 42/221 [tainted leviathan/large rock (46)]
104338 | Hell     | Reached skill level 12 in Air Magic
104466 | Hell     | Found a gateway to the decaying netherworld of Tartarus.
104525 | Hell     | Found a gateway to the freezing wastes of Cocytus.
104635 | Hell     | Found a gateway to the ashen valley of Gehenna.
104978 | D:1      | Lost mutation: Potions are less effective at restoring your
                  | health. [potion of mutation]
104978 | D:1      | Lost mutation: Your spells are a little harder to cast, but
                  | a little more powerful. [potion of mutation]
104978 | D:1      | Lost mutation: You have a pair of small antennae on your
                  | head. [potion of mutation]
104978 | D:1      | Gained mutation: Armour fits poorly on your strangely
                  | shaped body. [potion of mutation]
104978 | D:1      | Gained mutation: Your movements are slightly less
                  | encumbered by armour. (ER -2) [potion of mutation]
105239 | D:11     | You paid a toll of the horn of Geryon to enter a treasure
                  | trove
105240 | Trove    | Entered a treasure trove
105242 | Trove    | Found the +2 cloak of the Thief {*Fog Slay-2 SInv Stlth+}
105243 | Trove    | Found the +0 mask of the Dragon {Will+ Slay+3 SInv}
105245 | Trove    | Identified the +1 pair of boots "Fisyrph" {rPois Str+6
                  | Int-4}
105247 | Trove    | Identified the scarf of Poor Excuses {harm, rC++ Str-4
                  | Dex+3}
105251 | Trove    | Identified the +0 pair of gloves "Keruorgh" {^Drain rCorr
                  | Int+3}
105255 | Trove    | Identified the +1 helmet "Zaisch" {rC++ Str-3 Dex+3}
105260 | Trove    | Identified the +0 cloak of the Past {Rampage rPois Str-3}
105342 | D:11     | Killed Tuntoteh's ghost
105589 | Zig:1    | Entered Level 1 of a ziggurat
105712 | Zig:2    | Entered Level 2 of a ziggurat
105862 | Zig:3    | Entered Level 3 of a ziggurat
105893 | Zig:3    | You add the spells Tukima's Dance and Yara's Violent
                  | Unravelling to your library.
105898 | Zig:3    | Identified the +1 robe of Inference {+Blink rElec rPois
                  | Str-3}
105910 | Zig:4    | Entered Level 4 of a ziggurat
105926 | Zig:4    | Reached skill level 13 in Air Magic
105945 | Zig:4    | You pick up a book of Conjurations {@e2} and begin
                  | reading...
106052 | Zig:5    | Entered Level 5 of a ziggurat
106091 | Zig:5    | You pick up a book of Chaos and begin reading...
106091 | Zig:5    | You add the spells Conjure Ball Lightning and Discord to
                  | your library.
106117 | Zig:6    | Entered Level 6 of a ziggurat
106123 | Zig:6    | Noticed Ixoav the pandemonium lord
106144 | Zig:6    | Killed Ixoav the pandemonium lord
106412 | Zig:6    | Identified the ring "Sutyudooto" {rElec EV+5 Int+8 Dex-5
                  | Slay-4}
106416 | Zig:6    | You add the spells Swiftness, Gell's Gravitas and Freezing
                  | Cloud to your library.
106416 | Zig:6    | Got the Essays on Locality and Fog
106421 | Zig:6    | Reached skill level 14 in Air Magic
106421 | Zig:6    | Reached XP level 26. HP: 228/228 MP: 49/49
106449 | Zig:7    | Entered Level 7 of a ziggurat
106748 | Zig:7    | Identified the +5 falchion of Zoocil {heavy, rElec SInv
                  | Stlth+}
106751 | Zig:7    | You add the spells Mephitic Cloud and Airstrike to your
                  | library.
106751 | Zig:7    | Got the Precepts of the Tempest
107064 | Vaults:1 | Learned a level 4 spell: Airstrike
107138 | Vaults:3 | Learned a level 3 spell: Swiftness
107210 | Vaults:5 | Bought a scroll of silence for 142 gold pieces
107210 | Vaults:5 | Bought a scroll of silence for 142 gold pieces
107456 | Depths:1 | Bought a scroll of fog for 52 gold pieces
107456 | Depths:1 | Bought a scroll of fog for 52 gold pieces
107639 | D:8      | Bought a potion of magic for 232 gold pieces
108303 | Zot:4    | Reached XP level 27. HP: 236/236 MP: 49/49
108613 | Zot:4    | You pick up a book of the Earth and begin reading...
108615 | Zot:4    | You add the spells Ignite Poison and Summon Lightning Spire
                  | to your library.
108615 | Zot:4    | Got the Essays on Mutagenic Gases
108725 | Zot:4    | Reached skill level 15 in Air Magic
108840 | Zot:4    | Noticed an electric golem
108851 | Zot:4    | Killed an electric golem
109378 | Zot:4    | Found a runed translucent door.
109380 | Zot:4    | Noticed Siopp's ghost (legendary DsFi)
109420 | Zot:4    | You pick up a book of Dangerous Friends and begin
                  | reading...
109780 | Zot:4    | Reached skill level 16 in Air Magic
109857 | Zot:4    | Noticed a curse toe
109865 | Zot:4    | Killed a curse toe
110014 | Zot:5    | Entered Level 5 of the Realm of Zot
110173 | Zot:5    | Noticed a curse toe
110187 | Zot:5    | Killed a curse toe
111244 | Zot:5    | Reached skill level 17 in Air Magic
111479 | Zot:5    | Noticed a dread lich
111485 | Zot:5    | Killed a dread lich
111612 | Zot:5    | Noticed an ancient lich
111840 | Zot:5    | Noticed an electric golem
111861 | Zot:5    | Killed an electric golem
112003 | Zot:5    | Noticed a dread lich
112016 | Zot:5    | Killed a dread lich
112308 | Zot:5    | Noticed an ancient lich
112322 | Zot:5    | Killed an ancient lich
112323 | Zot:5    | Reached skill level 18 in Air Magic
112411 | Zot:5    | Killed an ancient lich
112620 | Zot:5    | Noticed an orb of fire
112634 | Zot:5    | Gained mutation: Your spells are a little easier to cast,
                  | but a little less powerful. [an orb of fire]
112639 | Zot:5    | Gained mutation: You are frail. (-10% HP) [an orb of fire]
112646 | Zot:5    | Killed an orb of fire
112660 | Zot:5    | Noticed an electric golem
112661 | Zot:5    | Noticed an ancient lich
112700 | Zot:5    | Killed an electric golem
112702 | Zot:5    | Noticed an orb of fire
112738 | Zot:5    | Gained mutation: You are very frail. (-20% HP) [mutagenic
                  | glow]
112746 | Zot:5    | Killed an orb of fire
112778 | Zot:5    | Gained mutation: You occasionally shout uncontrollably at
                  | your foes. [mutagenic glow]
113109 | Zot:5    | Lost mutation: You are very frail. (-20% HP) [potion of
                  | mutation]
113109 | Zot:5    | Lost mutation: Your spells are a little easier to cast, but
                  | a little less powerful. [potion of mutation]
113109 | Zot:5    | Lost mutation: You are frail. (-10% HP) [potion of
                  | mutation]
113109 | Zot:5    | Gained mutation: Your health recovers twice as slowly from
                  | being drained. [potion of mutation]
114376 | Zot:5    | Noticed an ancient lich
114385 | Zot:5    | Killed an ancient lich
114421 | Zot:5    | Reached skill level 19 in Air Magic
114448 | Zot:5    | Noticed a dread lich
114456 | Zot:5    | Killed a dread lich
114574 | Zot:5    | Noticed an orb of fire
114574 | Zot:5    | Noticed an ancient lich
114579 | Zot:5    | Gained mutation: You are vulnerable to heat. (rF-) [an orb
                  | of fire]
114608 | Zot:5    | Gained mutation: You are dopey. (Int -2) [an orb of fire]
114610 | Zot:5    | Killed an orb of fire
114614 | Zot:5    | Killed an ancient lich
114620 | Zot:5    | Killed an ancient lich
114621 | Zot:5    | Reached skill level 20 in Air Magic
114780 | Zot:5    | Got the Orb of Zot
114951 | Zot:1    | Noticed Pamyffue the pandemonium lord
115123 | D:13     | Noticed Banwe the pandemonium lord
115394 | D:1      | Noticed Dioder Acki the pandemonium lord
115397 | D:1      | Killed Dioder Acki the pandemonium lord
115516 | D:$      | Escaped with the Orb!

Vanquished Creatures
  the Royal Jelly (Slime:5)
  Frederick (Crypt:2)
  4 dread liches
  4 orbs of fire
  Khufu (Crypt:1)
  Tiamat (Zot:1)
  5 ancient liches (Zot:5)
  Mennas (Vaults:2)
  Josephina (Depths:2)
  Xtahua (Vaults:2)
  A royal mummy (Crypt:1)
  3 Killer Klowns (Zot:5)
  3 curse toes
  Saint Roka (Crypt:2)
  The ghost of Cuhyol the Skinwalker, a veteran MfSh of Jiyva (Zot:2)
  2 pandemonium lords
  2 caustic shrikes (Depths:3)
  Geryon (Hell)
  12 golden dragons
  2 Tzitzimimeh (Zot:1)
  Norris (Elf:1)
  Nikola (Vaults:1)
  Arachne (Spider:3)
  2 doom hounds
  2 bone dragons
  5 electric golems
  A hellephant (D:9)
  4 liches
  A tainted leviathan (Hell)
  6 titans
  Zenata (Crypt:1)
  23 tentacled monstrosities
  2 Ice Fiends
  27 Orb Guardians
  Asterion (Depths:2)
  Grunn (Zot:2)
  A walking divine tome (Depths:3)
  2 deep elf master archers (Elf:3)
  4 deep elf blademasters
  7 quicksilver dragons
  9 sphinxes
  5 searing wretches (Depths:1)
  17 acid blobs
  A kraken (Shoals:4)
  The ghost of whatisthis the Basher, an adept TrBe of Trog (Shoals:2)
  Agnes (Spider:4)
  6 ancient champions (Crypt:3)
  10 death cobs
  Murray (Depths:1)
  9 shadow dragons
  19 storm dragons
  10 tengu reavers
  Aizul (Depths:1)
  6 protean progenitors
  Donald (Crypt:2)
  10 fire giants
  14 rockslimes
  10 azure jellies
  15 vault wardens
  An iron dragon (Zig:2)
  7 draconian knights
  4 draconian monks
  6 draconian shifters
  A revenant (Crypt:1)
  3 deep elf sorcerers
  9 emperor scorpions
  7 frost giants
  5 deep elf elementalists (Elf:3)
  3 draconian stormcallers
  A balrug (Zig:6)
  7 ghouls
  2 angels
  3 draconian scorchers
  A curse skull (Crypt:2)
  10 reapers
  10 ghost moths
  A cacodemon (D:1)
  20 ironbound preservers
  3 spriggan defenders
  4 ironbound thunderhulks
  7 stone giants
  12 formless jellyfish
  10 very ugly things
  11 green draconians
  7 draconian annihilators
  6 war gargoyles
  A juggernaut skeleton (Crypt:3)
  5 vampire knights
  6 quicksilver oozes
  5 deep elf demonologists (Elf:3)
  10 black draconians
  A lorocyproca (Depths:1)
  Nessos (D:15)
  Azrael (Spider:3)
  6 putrid mouths
  5 red draconians
  8 yellow draconians
  10 purple draconians
  12 spark wasps
  9 white draconians
  10 deep elf death magi
  3 eidola
  A demonspawn black sun (Zig:6)
  5 deep elf annihilators
  2 pale draconians (Depths:4)
  6 dire elephants
  6 ettins
  2 blizzard demons (Hell)
  3 merfolk javelineers (Shoals:4)
  15 jiangshi
  6 fire dragons
  2 crystal guardians
  2 iron golems
  2 quicksilver dragon zombies
  The ghost of Phlounder the Cleaver, a journeyman DrCj of Kikubaaqudgha (Lair:3)
  The ghost of Wywirph the Grappler, a journeyman TrFi of Wu Jian (D:11)
  6 merfolk impalers
  18 yaktaur captains
  An elf zombie (Crypt:3)
  The ghost of Tuntoteh the Fighter, a journeyman DrSh of Gozag (D:11)
  The ghost of Ofiorch the Ogre Mage, a journeyman OgFE of Vehumet (D:11)
  A spriggan zombie (Crypt:3)
  2 entropy weavers
  The ghost of Ufudd the Fighter, a journeyman DsWn of Qazlal (D:11)
  11 great orbs of eyes
  8 hydras
  3 peacekeepers
  3 deep elf high priests
  A rakshasa (Depths:2)
  8 ironbound frosthearts
  A salamander tyrant (Depths:3)
  31 vault guards
  2 catoblepae
  An ogre mage (Orc:1)
  3 hell beasts
  A death knight (Crypt:2)
  2 spriggan skeletons (Crypt:2)
  5 spriggan air magi
  An anaconda (Lair:3)
  6 ice dragons
  2 alligator snapping turtles (Shoals:4)
  5 merfolk aquamancers
  A radroach (Spider:3)
  A stoker (Hell)
  6 boulder beetles
  5 death yaks
  25 centaur warriors
  2 ghost crabs (Spider:4)
  An azure jelly zombie (Crypt:2)
  8 two-headed ogres
  31 dancing weapons
  6 tengu warriors
  A bennu skeleton (Crypt:1)
  An occultist (Depths:2)
  5 vampire magi
  6 hell hogs
  4 demonic crawlers
  9 spriggan berserkers
  2 satyrs (Shoals:4)
  9 deep troll shamans
  2 shock serpents (Zot:3)
  An orc high priest (Crypt:2)
  8 sun demons
  2 crystal echidnas (Hell)
  8 deep troll earth magi
  7 soul eaters
  A skyshark (shapeshifter) (Depths:4)
  A titan zombie (Zig:7)
  24 hell knights
  16 deep elf knights
  2 shadow wraiths
  2 storm dragon zombies (D:15)
  8 spriggans
  4 sixfirhies
  5 pharaoh ants
  A spectral death yak (Lair:5)
  9 iron trolls
  2 titan skeletons
  6 flayed ghosts
  7 skysharks
  30 skeletal warriors
  A spectral spark wasp (Depths:3)
  2 sun moths
  A swamp dragon (shapeshifter) (Vaults:5)
  11 sea snakes
  2 deep trolls (shapeshifter)
  13 orb spiders
  A salamander mystic (Depths:3)
  2 bog bodies
  A quicksilver dragon simulacrum (Crypt:3)
  A shadow demon (D:5)
  4 glowing orange brains
  60 deep trolls
  A spectral anaconda (Lair:5)
  A tengu zombie (Zig:7)
  A kraken simulacrum (Hell)
  21 harpies
  2 lindwurms
  2 anaconda skeletons
  A golden dragon skeleton (Crypt:2)
  An obsidian statue (Lair:5)
  9 arcanists
  11 necromancers
  3 orange crystal statues (Hell)
  15 deep elf archers
  15 ironbound convokers
  A mana viper (Zig:1)
  17 deep elf zephyrmancers
  10 phantasmal warriors
  A bunyip skeleton (Crypt:2)
  12 steelbarb worms
  26 deep elf pyromancers
  9 orc knights
  An alligator zombie (Hell)
  34 ugly things
  12 manticores
  2 shining eyes (shapeshifter)
  A goliath frog zombie (Crypt:3)
  An oklob plant (Lair:4)
  18 wolf spiders
  A fire giant zombie (Crypt:2)
  4 orc sorcerers
  26 moths of wrath
  8 fauns
  5 cyclopes
  2 salamanders (Depths:3)
  3 shining eyes
  5 merfolk sirens
  13 elephants
  A moth of wrath (shapeshifter) (Vaults:5)
  A water nymph (shapeshifter) (Vaults:5)
  10 kobold blastminers
  2 ice statues (Hell)
  7 water nymphs
  A naga mage (Zig:1)
  An eye of devastation (shapeshifter) (Vaults:5)
  20 vault sentinels
  4 gargoyles
  8 black mambas
  8 eyes of devastation
  3 orange demons (D:1)
  3 rust devils
  14 cane toads
  A torpor snail (shapeshifter) (Vaults:4)
  8 torpor snails
  A storm dragon simulacrum (Crypt:2)
  A kobold demonologist (D:10)
  An alligator snapping turtle skeleton (Crypt:3)
  A green draconian zombie (Crypt:1)
  2 unseen horrors
  A dire elephant skeleton (Lair:5)
  A minotaur zombie (Crypt:3)
  3 tormentors
  10 rime drakes
  2 sea snake zombies (Hell)
  32 yaktaurs
  5 freezing wraiths
  9 komodo dragons
  7 guardian mummies
  11 tengu conjurers
  An efreet (D:13)
  A black draconian skeleton (Crypt:2)
  2 red devils
  5 trolls
  A harpy zombie (Crypt:3)
  A queen bee (D:10)
  A death drake skeleton (Crypt:1)
  5 tyrant leeches (Spider:4)
  9 polar bears
  6 meliai
  4 wind drakes
  22 tarantellas
  10 hornets
  A shadow dragon simulacrum (Depths:2)
  35 merfolk
  A tengu simulacrum (Depths:2)
  An alligator simulacrum (Hell)
  10 snapping turtles
  13 blink frogs
  A harpy skeleton (Crypt:3)
  An ettin zombie (Crypt:3)
  3 fire giant simulacra
  3 glass eyes
  79 slime creatures
  A frost giant simulacrum (Depths:2)
  2 air elementals
  28 jumping spiders
  12 culicivoras
  65 yaks
  4 hogs (Zot:5)
  A dire elephant simulacrum (Lair:5)
  4 shadows
  A ynoxinul (Depths:2)
  3 humans (D:13)
  5 fire elementals
  A spriggan (shapeshifter) (Depths:4)
  A warg (D:9)
  22 water elementals
  8 wraiths
  6 vampires
  5 steam dragons
  12 basilisks
  2 ushabtiu (Zig:7)
  9 golden eyes
  18 vampire mosquitoes
  A wind drake skeleton (Crypt:3)
  14 wyverns
  A warg (shapeshifter) (Zig:5)
  52 redbacks
  20 water moccasins
  5 acid dragons
  A swamp worm (shapeshifter) (Vaults:5)
  A deep troll zombie (Crypt:3)
  A cane toad zombie (Crypt:2)
  2 hell hounds (Spider:3)
  An elephant zombie (Lair:5)
  3 black bears
  6 ice beasts
  32 orc warriors
  8 ogres
  29 wolves
  15 centaurs
  2 phantoms (D:6)
  A salamander zombie (Crypt:3)
  4 kobold brigands
  3 earth elementals
  A vine stalker zombie (Crypt:2)
  2 gnoll sergeants
  14 bullfrogs
  3 cane toad simulacra (Lair:5)
  2 necrophages
  6 scorpions
  A wight (D:8)
  2 elephant simulacra (Lair:5)
  26 killer bees
  A raiju zombie (Crypt:1)
  A polar bear skeleton (Crypt:3)
  7 electric eels
  10 howler monkeys
  A crimson imp (D:1)
  A human zombie (Crypt:2)
  4 hounds
  6 jellies
  13 orc priests
  2 iguanas
  2 gnoll boudas
  3 sleepcaps
  17 orc wizards
  9 hell rats
  5 lightning spires (Zot:3)
  A crocodile zombie (Crypt:2)
  18 mummies
  15 gnolls
  8 adders
  4 shadow imps
  4 white imps
  4 ufetubi
  4 dart slugs
  88 orcs
  8 endoplasms
  2 giant cockroaches
  8 hobgoblins
  3 quokkas (D:1)
  A river rat zombie (Crypt:1)
  7 ball pythons
  3 bats
  5 frilled lizards
  A giant cockroach zombie (Crypt:1)
  8 goblins
  A hobgoblin skeleton (Crypt:3)
  20 kobolds
  5 rats
  2 aspiring fleshes
  A butterfly (D:4)
  3 tentacles (Shoals:4)
2553 creatures vanquished.

Vanquished Creatures (others)
  A deep elf elementalist (Elf:3)
  A shock serpent (Zot:3)
  A deep elf archer (Elf:1)
  A troll (D:14)
  An air elemental (Zot:3)
  A sky beast (D:7)
  An orc (D:2)
  9 tentacles (Shoals:4)
16 creatures vanquished.

Grand Total: 2569 creatures vanquished

Table legend:
 A = Non-vault XP
 B = Vault XP
 C = Vault XP percentage of total XP
 D = Non-vault monster count
 E = Vault monster count
 F = Vault count percentage of total count
                 A         B        C        D         E       F
            +---------+---------+-------+---------+---------+-------
      Total |  824631 |  769850 |  48.3 |    1571 |     932 |  37.2
            +---------+---------+-------+---------+---------+-------
        D:1 |      31 |       0 |   0.0 |      19 |       0 |   0.0
        D:2 |      89 |      23 |  20.5 |       8 |      12 |  60.0
        D:3 |      93 |       0 |   0.0 |      21 |       0 |   0.0
        D:4 |     464 |      56 |  10.8 |      23 |       4 |  14.8
        D:5 |     822 |       0 |   0.0 |      23 |       0 |   0.0
        D:6 |     811 |     124 |  13.3 |      15 |       2 |  11.8
        D:7 |     962 |      60 |   5.9 |      19 |       6 |  24.0
        D:8 |    2518 |    1321 |  34.4 |      30 |      10 |  25.0
        D:9 |    1752 |       0 |   0.0 |      25 |       0 |   0.0
       D:10 |    2169 |    4080 |  65.3 |      16 |      30 |  65.2
       D:11 |    5825 |    3943 |  40.4 |      35 |       5 |  12.5
       D:12 |    5383 |       0 |   0.0 |      13 |       0 |   0.0
       D:13 |    5807 |    2223 |  27.7 |      19 |       5 |  20.8
       D:14 |    7841 |    5778 |  42.4 |      22 |      25 |  53.2
       D:15 |    9155 |    6422 |  41.2 |      25 |       8 |  24.2
     Lair:1 |    7765 |     627 |   7.5 |      25 |       4 |  13.8
     Lair:2 |    5321 |       0 |   0.0 |      22 |       0 |   0.0
     Lair:3 |   13842 |   10670 |  43.5 |      52 |      26 |  33.3
     Lair:4 |    4906 |    5236 |  51.6 |      21 |      23 |  52.3
     Lair:5 |    9807 |   13309 |  57.6 |      34 |      27 |  44.3
   Shoals:1 |    6329 |       0 |   0.0 |      14 |       0 |   0.0
   Shoals:2 |   16094 |    1521 |   8.6 |      32 |       1 |   3.0
   Shoals:3 |    8918 |       0 |   0.0 |      21 |       0 |   0.0
   Shoals:4 |   17614 |   18495 |  51.2 |      37 |      29 |  43.9
   Spider:1 |   10786 |       0 |   0.0 |      29 |       0 |   0.0
   Spider:2 |   18860 |    1974 |   9.5 |      49 |       3 |   5.8
   Spider:3 |   11243 |    6405 |  36.3 |      27 |      12 |  30.8
   Spider:4 |   18710 |   20897 |  52.8 |      48 |      47 |  49.5
    Slime:1 |   10510 |       0 |   0.0 |      14 |       0 |   0.0
    Slime:2 |   17538 |       0 |   0.0 |      28 |       0 |   0.0
    Slime:3 |    3308 |       0 |   0.0 |       5 |       0 |   0.0
    Slime:4 |    6769 |       0 |   0.0 |      20 |       0 |   0.0
    Slime:5 |    7998 |   31967 |  80.0 |      16 |      26 |  61.9
      Orc:1 |    8825 |       0 |   0.0 |      38 |       0 |   0.0
      Orc:2 |    2945 |    5696 |  65.9 |      20 |      36 |  64.3
      Elf:1 |   16600 |    5724 |  25.6 |      28 |       7 |  20.0
      Elf:2 |   14247 |   26032 |  64.6 |      23 |      32 |  58.2
      Elf:3 |   13569 |   31591 |  70.0 |      23 |      28 |  54.9
   Vaults:1 |   17577 |   19614 |  52.7 |      23 |      28 |  54.9
   Vaults:2 |   29712 |   34371 |  53.6 |      39 |      40 |  50.6
   Vaults:3 |   36181 |   29201 |  44.7 |      52 |      38 |  42.2
   Vaults:4 |   19797 |    7985 |  28.7 |      30 |      14 |  31.8
   Vaults:5 |   22576 |   99739 |  81.5 |      27 |      92 |  77.3
    Crypt:1 |   22961 |   10842 |  32.1 |      35 |       6 |  14.6
    Crypt:2 |   21889 |   13083 |  37.4 |      34 |      10 |  22.7
    Crypt:3 |   17310 |   30497 |  63.8 |      26 |      45 |  63.4
   Depths:1 |   34856 |   14505 |  29.4 |      45 |      12 |  21.1
   Depths:2 |   23140 |   17084 |  42.5 |      30 |      19 |  38.8
   Depths:3 |   29105 |   33312 |  53.4 |      35 |      25 |  41.7
   Depths:4 |   37546 |   23769 |  38.8 |      56 |      27 |  32.5
       Hell |   15872 |   21184 |  57.2 |      19 |      27 |  58.7
      Zot:1 |   12478 |   29257 |  70.1 |      11 |      22 |  66.7
      Zot:2 |   43357 |   21489 |  33.1 |      35 |      16 |  31.4
      Zot:3 |   43767 |   33750 |  43.5 |      34 |      33 |  49.3
      Zot:4 |   38061 |   12818 |  25.2 |      32 |       8 |  20.0
      Zot:5 |   35015 |  112863 |  76.3 |      28 |      44 |  61.1
      Zig:1 |    1003 |       0 |   0.0 |       2 |       0 |   0.0
      Zig:2 |    2222 |       0 |   0.0 |       2 |       0 |   0.0
      Zig:3 |    2989 |       0 |   0.0 |       3 |       0 |   0.0
      Zig:4 |    4332 |       0 |   0.0 |       5 |       0 |   0.0
      Zig:5 |    4120 |       0 |   0.0 |       8 |       0 |   0.0
      Zig:6 |    8737 |       0 |   0.0 |       7 |       0 |   0.0
      Zig:7 |    3802 |       0 |   0.0 |      14 |       0 |   0.0
     Bailey |       0 |     313 | 100.0 |       0 |      18 | 100.0
            +---------+---------+-------+---------+---------+-------

Skill      XL: |  1  2  3  4  5  6  7  8  9 10 11 12 13 14 15 16 17 18 19 20 21 22 23 24 25 26 27 |
---------------+----------------------------------------------------------------------------------+-----
Stealth        | 1 2 4 6 8 10 11 12 13 | 13.1
Fighting       | 2 3 4 6 7 9 10 12 13 14 15 16 17 | 17.2
Dodging        | 2 3 4 6 7 9 10 11 12 13 14 15 | 15.1
Ranged Weapons | 4 5 6 8 11 12 13 14 15 16 17 18 19 20 | 20.1
Evocations     | 5 6 7 8 9 10 | 10.3
Fire Magic     | 1 5 8 11 12 14 15 17 18 | 18.6
Armour         | 1 4 5 7 |  7.0
Spellcasting   | 3 5 7 8 9 11 13 15 16 | 16.3
Translocations | 4 5 6 9 10 | 10.9
Conjurations   | 3 6 9 10 | 10.9
Necromancy     | 5 8 |  8.4
Alchemy        | 9 12 13 | 13.4
Air Magic      | 14 20 | 20.5

Action                     |  1- 3 |  4- 6 |  7- 9 | 10-12 | 13-15 | 16-18 | 19-21 | 22-24 | 25-27 || total
---------------------------+-------+-------+-------+-------+-------+-------+-------+-------+-------++-------
  Melee: Rapier            |       |       |       |       |       |       |     4 |       |       ||     4
   Fire: Shortbow          |   111 |   156 |   279 |       |       |       |       |       |       ||   546
         Orcbow            |       |       |   121 |   730 |  1784 |   543 |       |       |       ||  3178
         Longbow           |       |       |       |       |       |  1197 |  2145 |  2088 |  1728 ||  7158
  Throw: Dart              |       |       |       |       |     1 |       |       |       |       ||     1
   Cast: Blink             |       |       |       |       |       |     7 |    13 |    15 |    13 ||    48
         Iskenderun's Myst |       |       |       |       |       |       |    19 |    22 |    39 ||    80
         Inner Flame       |       |       |       |       |       |       |    11 |     6 |       ||    17
         Fireball          |       |       |       |       |       |       |     2 |     9 |    19 ||    30
         Volatile Blastmot |       |       |       |       |       |       |     2 |       |     1 ||     3
         Dispel Undead     |       |       |       |       |       |       |       |     5 |    11 ||    16
         Fugue of the Fall |       |       |       |       |       |       |       |     3 |       ||     3
         Irradiate         |       |       |       |       |       |       |       |     5 |     2 ||     7
         Olgreb's Toxic Ra |       |       |       |       |       |       |       |     4 |     4 ||     8
         Flame Wave        |       |       |       |       |       |       |       |     2 |       ||     2
         Arcjolt           |       |       |       |       |       |       |       |       |    16 ||    16
         Plasma Beam       |       |       |       |       |       |       |       |       |    18 ||    18
Ability: Evoke Blink       |       |       |       |       |       |       |     1 |       |       ||     1
  Evoke: Wand              |       |       |       |     5 |     9 |    11 |    15 |     8 |     5 ||    53
         Condenser vane    |       |       |       |     1 |     4 |     3 |     2 |     2 |     1 ||    13
         Phial of floods   |       |       |       |       |       |     1 |       |       |       ||     1
         Lightning rod     |       |       |       |       |       |       |    16 |     4 |       ||    20
         Phantom mirror    |       |       |       |       |       |       |     1 |     1 |     1 ||     3
         Box of beasts     |       |       |       |       |       |       |       |     1 |     1 ||     2
    Use: Scroll            |     4 |     7 |     7 |     9 |    15 |    22 |    26 |     5 |     6 ||   101
         Potion            |     1 |     1 |     2 |     2 |     2 |    13 |    25 |    13 |    15 ||    74
 Armour: Leather armour    |    31 |    42 |    43 |       |       |       |       |       |       ||   116
         Ring mail         |       |       |    56 |       |       |       |       |       |       ||    56
         Steam dragon scal |       |       |    24 |   182 |   217 |       |       |       |       ||   423
         Skin              |       |       |       |    55 |       |       |       |       |       ||    55
         Robe              |       |       |       |       |    59 |   353 |   254 |       |       ||   666
         Troll leather arm |       |       |       |       |       |       |    21 |   332 |   260 ||   613
  Dodge: Dodged            |    37 |    36 |   136 |   338 |   886 |   791 |   495 |   620 |   558 ||  3897
  Block: Other             |       |       |       |       |       |    87 |    80 |    95 |    78 ||   340
         Reflection        |       |       |       |       |       |    27 |    20 |     2 |     3 ||    52

Illustrated notes

Table legend:
 A = Kills in this place as a percentage of kills in the entire game.
 B = Kills by you in this place as a percentage of kills by you in the entire game.
 C = Kills by friends in this place as a percentage of kills by friends in the entire game.
 D = Other kills in this place as a percentage of other kills in the entire game.
 E = Experience gained in this place as a percentage of experience gained in the entire game.
 F = Experience gained in this place divided by the number of levels of this place that you have seen.
                   A       B       C       D       E      F
               +-------+-------+-------+-------+-------+----------------------
         Total | 100.0 | 100.0 |   N/A | 100.0 | 100.0 | 24841.2
       Dungeon |  17.4 |  17.3 |   N/A |  40.0 |   5.3 | 5686.1
          Lair |   9.3 |   9.3 |   N/A |   0.0 |   4.4 | 14296.6
        Shoals |   5.3 |   5.3 |   N/A |   0.0 |   4.3 | 17242.8
   Spider Nest |   8.5 |   8.5 |   N/A |   0.0 |   5.5 | 22218.8
    Slime Pits |   4.3 |   4.3 |   N/A |   0.0 |   4.8 | 15618.0
  Orcish Mines |   3.7 |   3.7 |   N/A |   0.0 |   1.1 | 8733.0
   Elven Halls |   5.6 |   5.5 |   N/A |  40.0 |   6.7 | 35921.0
        Vaults |  15.2 |  15.1 |   N/A |  20.0 |  19.6 | 63350.6
         Crypt |   6.2 |   6.2 |   N/A |   0.0 |   7.2 | 38860.7
        Depths |  10.0 |  10.1 |   N/A |   0.0 |  13.3 | 53712.2
          Hell |   1.8 |   1.8 |   N/A |   0.0 |   2.3 | 37056.0
           Zot |  10.4 |  10.5 |   N/A |   0.0 |  23.8 | 76796.4
      Ziggurat |   1.6 |   1.6 |   N/A |   0.0 |   1.7 | 3886.4
        Bailey |   0.7 |   0.7 |   N/A |   0.0 |   0.0 | 313.0
               +-------+-------+-------+-------+-------+----------------------

Table legend: (Time is in decaauts)
 A = Elapsed time spent in this place.
 B = Non-inter-level travel time spent in this place.
 C = Inter-level travel time spent in this place.
 D = Time resting spent in this place.
 E = Time spent auto-exploring this place.
 F = Levels seen in this place.
 G = Mean time per level.
                   A        B        C        D        E       F      G
               +--------+--------+--------+--------+--------+-----+--------+
         Total | 112585 |  97325 |  15260 |  46288 |  32118 |  65 | 1732.1 |
       Dungeon |  27444 |  19570 |   7874 |   6199 |  10235 |  15 | 1829.6 |
          Lair |  11079 |   9627 |   1452 |   3857 |   3905 |   5 | 2215.8 |
        Shoals |   6571 |   6315 |    256 |   3148 |   2079 |   4 | 1642.8 |
   Spider Nest |   9620 |   9426 |    194 |   6157 |   1488 |   4 | 2405.0 |
    Slime Pits |   3134 |   3078 |     56 |   1500 |    525 |   5 |  626.8 |
  Orcish Mines |   3900 |   3259 |    641 |   2193 |    733 |   2 | 1950.0 |
   Elven Halls |   6656 |   5886 |    770 |   2893 |   1625 |   3 | 2218.7 |
        Vaults |  13567 |  11859 |   1708 |   5467 |   3932 |   5 | 2713.4 |
         Crypt |   4384 |   4161 |    223 |   1230 |   1902 |   3 | 1461.3 |
        Depths |   9445 |   8336 |   1109 |   4663 |   2328 |   4 | 2361.2 |
          Hell |   1049 |   1032 |     17 |    483 |    259 |   1 | 1049.0 |
           Zot |  13702 |  12747 |    955 |   7136 |   2916 |   5 | 2740.4 |
      Ziggurat |   1215 |   1215 |      0 |    908 |      0 |   7 |  173.6 |
         Trove |     65 |     65 |      0 |      0 |      0 |   1 |   65.0 |
        Bailey |    747 |    747 |      0 |    450 |    187 |   1 |  747.0 |
               +--------+--------+--------+--------+--------+-----+--------+

Top non-repeatable levels by time:
Vaults:5: 3871 daAuts
Depths:1: 3623 daAuts
   Zot:3: 3562 daAuts
  Lair:3: 3467 daAuts
   Zot:5: 3459 daAuts
Spider:4: 3083 daAuts
Spider:2: 2972 daAuts
Vaults:2: 2879 daAuts
    D:10: 2871 daAuts
   Elf:3: 2720 daAuts
Shoals:4: 2693 daAuts
   Orc:2: 2645 daAuts
    D:13: 2625 daAuts
Depths:4: 2604 daAuts
Vaults:3: 2564 daAuts
